 Dungeon Crawl Stone Soup version 0.30.1-4-g462c640d31 (webtiles) character file.

Game seed: 9730368015897129185

9808141 Zkahoot the Elf of Death (level 27, 199/199 HPs)
             Began as a Deep Elf Conjurer on Aug 11, 2023.
             Was the Champion of Vehumet.
             Escaped with the Orb
             ... and 15 runes on Aug 15, 2023!
             The game lasted 16:15:20 (172889 turns).

Zkahoot the Elf of Death (Deep Elf Conjurer)      Turns: 172889, Time: 16:15:21

Health: 199/199    AC: 27    Str:  9    XL:     27
Magic:  48/65      EV: 37    Int: 48    God:    Vehumet [******]
Gold:   12375      SH: 22    Dex: 20    Spells: 4/80 levels left

rFire   + + +        Y - staff of earth
rCold   + + +        h - +5 kite shield {AC+3}
rNeg    + + +        Q - +0 robe of a bazaar {rC++ Regen+ rCorr Slay-5}
rPois   ∞            J - +2 helmet of the Endless Expanse {rElec MP+9 Int+3}
rElec   +            D - +2 cloak "Porghyff" {rPois rF+ Dex+2}
rCorr   +            y - +2 pair of gloves {Dex+3}
SInv    .            L - +2 pair of boots {Fly}
Will    +++++        P - amulet of the Four Winds {rN+ Will+++ Clar}
Stlth   ++           j - ring "Beufir" {rPois Str+6}
HPRegen 1.33/turn    H - ring of Ru's Reproof {Drain rF+++ rCorr EV+5 Int+3 Dex+3}
MPRegen 0.39/turn

%: clarity
@: lich-form, flying, studying 4 skills
A: draining attack, torment immunity, no potions, iridescent scales 1, clever 1
0: Orb of Zot
}: 15/15 runes: serpentine, barnacled, slimy, silver, golden, iron, obsidian,
icy, bone, abyssal, demonic, glowing, magical, fiery, dark
a: End Transformation, Renounce Religion


You escaped.
You worshipped Vehumet.
Vehumet was exalted by your worship.
You were an undead lich.
You visited 18 branches of the dungeon, and saw 86 of its levels.
You visited Pandemonium 4 times, and saw 22 of its levels.
You visited the Abyss 2 times.
You visited 1 ziggurat, and saw 22 of its levels.
You also visited: Ossuary and Ice Cave.

You collected 19860 gold pieces.
You spent 7485 gold pieces at shops.

Inventory:

Hand Weapons
 a - the +10 flail of Yesterday {freeze, *Corrode +Blink rC+++ SInv}
   (You took it off an orc on level 9 of the Dungeon)

   rC:        It renders you almost immune to cold.
   SInv:      It lets you see invisible.
   +Blink:    It lets you blink.
   *Corrode:  It may corrode you when you take damage.
Missiles
 g - 31 javelins
 k - 14 silver javelins (quivered)
Armour
 h - a +5 kite shield of protection (worn)
 y - a +2 pair of gloves of dexterity (worn)
 D - the +2 cloak "Porghyff" (worn) {rPois rF+ Dex+2}
   (You bought it in a shop on level 2 of the Elven Halls)

   Dex:       It affects your dexterity (+2).
   rF:        It protects you from fire.
   rPois:     It protects you from poison.
 J - the +2 helmet of the Endless Expanse (worn) {rElec MP+9 Int+3}
   (You found it on level 1 of the Vaults)

   Int:       It affects your intelligence (+3).
   rElec:     It insulates you from electricity.
   MP:        It affects your magic capacity (+9).
 L - a +2 pair of boots of flying (worn)
 Q - the +0 robe of a bazaar (worn) {rC++ Regen+ rCorr Slay-5}
   (You found it on level 5 of the Pits of Slime)

   Slay:      It affects your accuracy & damage with ranged weapons and melee
   (-5).
   rC:        It greatly protects you from cold.
   Regen:     It increases your rate of health regeneration.
   rCorr:     It protects you from acid and corrosion.
 S - a +2 tower shield of protection
Magical Staves
 f - the staff of fire "Ryliob" {Drain rF+ Will++ Str+3 Stlth+}
   (You found it on level 3 of the Elven Halls)

   [staff of fire]

   Base accuracy: +5 Base damage: 5 Base attack delay: 1.2 This weapon's minimum
   attack delay (0.6) is reached at skill level 12.
   Str:       It affects your strength (+3).
   rF:        It protects you from fire.
   Drain:     It drains your maximum health when unequipped.
   Will:      It greatly increases your willpower.
   Stlth:     It makes you more stealthy.
   It falls into the 'Staves' category.
   It is a one-handed weapon.
 Y - a staff of earth (weapon)
 Z - the staff of death "Itzenov" {rPois rN+ rCorr MP+9 Stlth-}
   (You found it on level 15 of a ziggurat)

   [staff of death]

   Base accuracy: +5 Base damage: 5 Base attack delay: 1.2 This weapon's minimum
   attack delay (0.6) is reached at skill level 12.
   rPois:     It protects you from poison.
   rN:        It protects you from negative energy.
   MP:        It affects your magic capacity (+9).
   rCorr:     It protects you from acid and corrosion.
   Stlth:     It makes you less stealthy.
   It falls into the 'Staves' category.
   It is a one-handed weapon.
Jewellery
 j - the ring "Beufir" (left hand) {rPois Str+6}
   (You found it on level 15 of a ziggurat)

   [ring of poison resistance]

   Str:       It affects your strength (+6).
   rPois:     It protects you from poison.
 l - a +4 ring of protection
 H - the ring of Ru's Reproof (right hand) {Drain rF+++ rCorr EV+5 Int+3 Dex+3}
   (You took it off a frost giant on level 1 of the Vaults)

   [ring of evasion]

   EV:        It affects your evasion (+5).
   Int:       It affects your intelligence (+3).
   Dex:       It affects your dexterity (+3).
   rF:        It renders you almost immune to fire.
   rCorr:     It protects you from acid and corrosion.
   Drain:     It drains your maximum health when unequipped.
 N - the ring of the Mage {Wiz Archmagi}
   (You found it on level 7 of Cocytus)

   [ring of wizardry]

   It improves your spell success rate.
   Archmagi:  It increases the power of your magical spells.
 P - the amulet of the Four Winds (around neck) {rN+ Will+++ Clar}
   (You found it on level 8 of a ziggurat)

   [amulet of nothing]

   rN:        It protects you from negative energy.
   Clar:      It protects you from confusion, rage, mesmerisation and fear.
   Will:      It greatly increases your willpower.
 R - the amulet "Enil" {Reflect Int+3 SH+5}
   (You took it off a deep elf demonologist on level 3 of the Elven Halls)

   [amulet of reflection]

   It reflects blocked missile attacks.
   Int:       It affects your intelligence (+3).
   SH:        It affects your SH (+5).
Wands
 e - a wand of quicksilver (27)
 A - a wand of digging (11)
 K - a wand of paralysis (11)
 O - a wand of iceblast (15)
Scrolls
 c - 40 scrolls of teleportation
 d - 7 scrolls of magic mapping
 i - 20 scrolls of enchant weapon
 o - 17 scrolls of fear
 p - 9 scrolls of enchant armour
 q - 11 scrolls of poison
 s - 2 scrolls of brand weapon
 v - 7 scrolls of amnesia
 w - 18 scrolls of fog
 I - a scroll of summoning
 T - 14 scrolls of torment
 U - 4 scrolls of blinking
 X - 17 scrolls of immolation
Potions
 b - 4 potions of magic
 m - 7 potions of heal wounds
 n - 5 potions of resistance
 r - 14 potions of lignification
 t - 3 potions of haste
 u - 6 potions of cancellation
 x - 38 potions of curing
 z - a potion of brilliance
 B - 3 potions of invisibility
 C - 12 potions of ambrosia
 F - 4 potions of mutation
 V - 15 potions of might
Miscellaneous
 E - the horn of Geryon
 G - a lightning rod (4/4)
 W - a figurine of a ziggurat


   Skills:
 O Level 27 Fighting
 + Level 19.3 Throwing
 - Level 8.0 Armour
 O Level 27 Dodging
 - Level 7.1 Stealth
 - Level 21.0 Shields
 O Level 27 Spellcasting
 O Level 27 Conjurations
 - Level 9.5 Summonings
 O Level 27 Necromancy
 - Level 4.0 Translocations
 - Level 15.6 Transmutations
 - Level 2.0 Ice Magic
 - Level 25.2 Air Magic
 - Level 25.3 Earth Magic
 + Level 18.2 Evocations


You had 4 spell levels left.
You knew the following spells:

 Your Spells              Type           Power      Damage    Failure   Level
a - Death's Door          Necr           85%        N/A       1%          9
b - Statue Form           Tmut/Erth      100%       N/A       0%          6
c - Sublimation of Blood  Necr           100%       N/A       0%          2
d - Borgnjor's Vile Clut  Necr/Erth      98%        N/A       0%          5
e - Iron Shot             Conj/Erth      84%        9d15      0%          6
f - Necromutation         Tmut/Necr      79%        N/A       1%          8
g - Chain Lightning       Conj/Air       71%        3d95      1%          9
j - Spellforged Servitor  Conj/Summ      63%        N/A       1%          7
k - Lehudib's Crystal Sp  Conj/Erth      84%        10d19     1%          8
l - Shatter               Erth           83%        3d60*     1%          9
m - Passage of Golubria   Tloc           80%        N/A       1%          4
n - Apportation           Tloc           100%       N/A       1%          1
o - Blink                 Tloc           100%       N/A       1%          2

Your spell library contained the following spells:

 Spells                   Type           Power      Damage    Failure   Level
 Beastly Appendage        Tmut           100%       N/A       0%          1
 Foxfire                  Conj/Fire      100%       2x1d9     0%          1
 Magic Dart               Conj           100%       1d8       0%          1
 Necrotise                Necr           100%       1d9       0%          1
 Sandblast                Erth           100%       2d20      0%          1
 Sting                    Tmut/Pois      100%       1d8       0%          1
 Summon Small Mammal      Summ           100%       N/A       0%          1
 Call Imp                 Summ           100%       N/A       0%          2
 Cigotuvi's Dreadful Rot  Necr/Pois/Air  100%       N/A       0%          2
 Passwall                 Tmut/Erth      100%       N/A       0%          2
 Poisonous Vapours        Pois/Air       100%       N/A       0%          2
 Searing Ray              Conj           100%       2d8       0%          2
 Static Discharge         Conj/Air       100%       2-7/arc   0%          2
 Wereblood                Tmut           100%       N/A       0%          2
 Dazzling Flash           Conj/Hex       100%       N/A       0%          3
 Hailstorm                Conj/Ice       100%       3d20      0%          3
 Mephitic Cloud           Conj/Pois/Air  100%       N/A       0%          3
 Stone Arrow              Conj/Erth      100%       3d13      0%          3
 Vampiric Draining        Necr           100%       2d13      0%          3
 Vhi's Electric Charge    Tloc/Air       100%       N/A       0%          3
 Airstrike                Air            70%        2d(11-27) 0%          4
 Anguish                  Hex/Necr       69%        N/A       0%          4
 Animate Armour           Summ/Erth      100%       N/A       0%          4
 Animate Dead             Necr           100%       N/A       0%          4
 Dispel Undead            Necr           100%       3d31      0%          4
 Flame Wave               Conj/Fire      100%       2d21      0%          4
 Fulminant Prism          Conj/Hex       57%        3d24      0%          4
 Iskenderun's Mystic Bla  Conj/Tloc      100%       2d19      0%          4
 Leda's Liquefaction      Hex/Erth       68%        N/A       0%          4
 Petrify                  Tmut/Erth      100%       N/A       0%          4
 Sticky Flame             Conj/Fire      100%       2d11      0%          4
 Summon Lightning Spire   Summ/Air       100%       N/A       0%          4
 Freeze                   Ice            100%       1d10      1%          1
 Slow                     Hex            100%       N/A       1%          1
 Ensorcelled Hibernation  Hex/Ice        100%       N/A       1%          2
 Lesser Beckoning         Tloc           100%       N/A       1%          2
 Frozen Ramparts          Ice            100%       1d16      1%          3
 Gell's Gravitas          Tloc           80%        N/A       1%          3
 Ignite Poison            Fire/Tmut/Pois 86%        N/A       1%          3
 Inner Flame              Hex/Fire       59%        N/A       1%          3
 Ozocubu's Armour         Ice            71%        N/A       1%          3
 Portal Projectile        Hex/Tloc       100%       N/A       1%          3
 Spider Form              Tmut/Pois      96%        N/A       1%          3
 Teleport Other           Tloc           80%        N/A       1%          3
 Tukima's Dance           Hex            59%        N/A       1%          3
 Volatile Blastmotes      Fire/Tloc      100%       2d18      1%          3
 Ice Form                 Ice/Tmut       99%        N/A       1%          4
 Manifold Assault         Tloc           80%        N/A       1%          4
 Olgreb's Toxic Radiance  Pois           59%        N/A       1%          4
 Summon Ice Beast         Ice/Summ       88%        N/A       1%          4
 Cause Fear               Hex            29%        N/A       2%          4
 Agony                    Necr           100%       N/A       0%          5
 Arcjolt                  Conj/Air       71%        1d81      0%          5
 Blade Hands              Tmut           60%        N/A       0%          5
 Freezing Cloud           Conj/Ice/Air   63%        6-21      0%          5
 Irradiate                Conj/Tmut      66%        3d33      0%          5
 Iskenderun's Battlesphe  Conj           100%       2d15      0%          5
 Lee's Rapid Deconstruct  Erth           83%        3d37*     0%          5
 Conjure Ball Lightning   Conj/Air       71%        3x3d26    0%          6
 Death Channel            Necr           85%        N/A       0%          6
 Orb of Destruction       Conj           72%        9d17      0%          7
 Alistair's Intoxication  Tmut/Pois      64%        N/A       1%          5
 Fireball                 Conj/Fire      57%        3d22      1%          5
 Silence                  Hex/Air        55%        N/A       1%          5
 Summon Forest            Summ/Tloc      46%        N/A       1%          5
 Summon Mana Viper        Hex/Summ       84%        N/A       1%          5
 Yara's Violent Unravell  Hex/Tmut       48%        3d19      1%          5
 Eringya's Noxious Bog    Tmut/Pois      48%        N/A       1%          6
 Plasma Beam              Fire/Air       55%        2x1d77    1%          6
 Simulacrum               Ice/Necr       70%        N/A       1%          6
 Starburst                Conj/Fire      57%        6d15      1%          6
 Dragon Form              Tmut           60%        N/A       1%          7
 Haunt                    Necr/Summ      75%        N/A       1%          7
 Storm Form               Tmut/Air       65%        N/A       1%          7
 Borgnjor's Revivificati  Necr           85%        N/A       1%          8
 Infestation              Necr           85%        N/A       1%          8
 Maxwell's Capacitive Co  Air            70%        ∞         1%          8
 Metabolic Englaciation   Hex/Ice        32%        N/A       4%          5
 Monstrous Menagerie      Summ           51%        N/A       4%          7
 Summon Hydra             Summ           51%        N/A       4%          7
 Dispersal                Tloc           40%        N/A       8%          6
 Malign Gateway           Summ/Tloc      46%        N/A       14%         7
 Ozocubu's Refrigeration  Ice            35%        4d15      24%         7
 Fire Storm               Conj/Fire      57%        8d14      26%         9
 Enfeeble                 Hex            29%        N/A       91%         7
 Disjunction              Tloc           40%        N/A       97%         8
 Ignition                 Fire           29%        3d9       98%         8
 Dragon's Call            Summ           51%        N/A       99%         9
 Discord                  Hex            29%        N/A       100%        8


Dungeon Overview and Level Annotations

Branches:
Dungeon (15/15)            Temple (1/1) D:4            Lair (5/5) D:8
 Shoals (4/4) Lair:2        Snake (4/4) Lair:2        Slime (5/5) Lair:4
    Orc (2/2) D:9             Elf (3/3) Orc:2        Vaults (5/5) D:14
  Crypt (3/3) Vaults:2       Tomb (3/3) Crypt:3      Depths (4/4) D:15
   Hell (visited)             Dis (7/7) Hell            Geh (7/7) Hell
    Coc (7/7) Hell            Tar (7/7) Hell            Zot (5/5) Depths:4
Ossuary (visited)           IceCv (visited)

Altars:
Ashenzari
Cheibriados
Dithmenos
Elyvilon
Fedhas
Gozag
Hepliaklqana
Kikubaaqudgha
Makhleb
Nemelex Xobeh
Okawaru
Qazlal
Ru
Sif Muna
Trog
Uskayaw
Vehumet
Wu Jian
Xom
Yredelemnul
Zin
The Shining One
Jiyva
Lugonu

Shops:
D:4 *[   Orc:1 :   Orc:2 **(?   Elf:2 *   Snake:1 [:*   Vaults:2 ((
Vaults:5 :   Depths:3 =::

Portals:
Hell: Depths:1 Depths:2 Depths:3 Depths:4
Abyss: Depths:2 Depths:3
Pandemonium: Depths:2 Depths:4

Annotations:
Snake:2 1 runed translucent door, Quickbrownfox's ghost, adept DsCj
Elf:1 Roxanne
Depths:2 Boris
Zot:3 4 transporters


Innate Abilities, Weirdness & Mutations

You are an undead lich.
Your unarmed attacks are suffused with negative energy.
You are immune to unholy pain and torment.
Your necromantic spells are more powerful.
You cannot drink.
You are immune to poison.
You are partially covered in iridescent scales. (AC +2)
Your mind is acute. (Int +4, Str/Dex -1)


Message History

You kill the hell hog!
Vehumet accepts your kill.
You feel your power returning.
A hell hog comes into view.
Casting: Lehudib's Crystal Spear (safe; 1% risk of failure)
Confirm with . or Enter, or press ? or * to list all spells.
Aiming: Lehudib's Crystal Spear (safe; 1% risk of failure)
Press: ? - help, Shift-Dir - straight line, f - hell hog
Aim: a hell hog (wandering, hasn't noticed you, 88% to hit)
You feel a surge of power!
The crystal spear hits the hell hog!!!!
You kill the hell hog!
Vehumet accepts your kill.
You feel your power returning.
You feel yourself come back to life.
Casting: Lehudib's Crystal Spear (safe; 1% risk of failure)
Confirm with . or Enter, or press ? or * to list all spells.
Your body is suffused with negative energy!
A hell hog comes into view.
Casting: Necromutation (mildly dangerous; 1% risk of failure)
Confirm with . or Enter, or press ? or * to list all spells.
Aiming: Lehudib's Crystal Spear (safe; 1% risk of failure)
Press: ? - help, Shift-Dir - straight line, f - hell hog
Aim: a hell hog (88% to hit)
You feel a surge of power!
The crystal spear hits the hell hog!!!
You kill the hell hog!
Vehumet accepts your kill.
You feel your power returning.
A tormentor comes into view.
Casting: Lehudib's Crystal Spear (safe; 1% risk of failure)
Confirm with . or Enter, or press ? or * to list all spells.
Aiming: Lehudib's Crystal Spear (safe; 1% risk of failure)
Press: ? - help, Shift-Dir - straight line, f - tormentor
Aim: a tormentor (83% to hit)
You feel a surge of power!
The crystal spear hits the tormentor!!!
You kill the tormentor!
Vehumet accepts your kill.
You feel your power returning.
There is a staircase leading out of the dungeon here.
Okay, then.
You have escaped!

.......# #.######...........#
.....#.# #..................#
.......# #.##...###.....#...#
.#.#.#.#####.###.## ####.##...#
....#..##....##.## ####.####.#
.#.#.#.##....##.# #.......###
.............#..#####.......##
...#.#.##....##..........#...###
#......##....##.L......#####...#
##...#..#....##.....#.## ###...#
.................##...####...#.#
#########....#.######...#...##.#
# ##.....#..## ##......#..# ##
#......##..# ##....##..# .#
#########..##.## ###...#...#
.###..........##..####...###..##
..#.........#.###...#...###...#


There were no monsters in sight!

Vanquished Creatures
  Cerebov (Pan)
  Antaeus (Coc:7)
  Asmodeus (Geh:7)
  A seraph (Pan)
  Gloorx Vloq (Pan)
  Mnoleg (Pan)
  18 pandemonium lords
  Lom Lobon (Pan)
  9 dread liches
  6 ancient liches
  Dispater (Dis:7)
  2 orbs of fire (Zot:5)
  3 juggernauts
  Vv (Depths:3)
  33 royal mummies
  Margery (Depths:1)
  13 Killer Klowns
  Boris (4 times) (Depths:4 Tomb:1 Tomb:2 Tomb:3)
  Saint Roka (Depths:4)
  Bai Suzhen (Vaults:3)
  8 shard shrikes
  A curse toe (Zot:2)
  10 golden dragons
  19 caustic shrikes
  Geryon (Hell)
  6 bone dragons
  13 profane servitors
  6 doom hounds
  21 Tzitzimimeh
  3 pearl dragons (Zig:16)
  2 spectral shard shrikes
  20 Brimstone Fiends
  11 iron giants
  3 electric golems
  32 Hell Sentinels
  23 tainted leviathans
  22 tentacled monstrosities
  31 Ice Fiends
  13 hellephants
  32 searing wretches
  2 deep elf blademasters (Elf:3)
  9 liches
  8 quicksilver dragons
  17 Orb Guardians
  Grunn (Depths:2)
  10 titans
  3 deep elf master archers
  27 acid blobs
  57 Executioners
  3 tengu reavers
  9 sphinxes
  32 ancient champions
  13 death cobs
  2 thorn hunters
  4 draconian monks
  15 storm dragons
  3 draconian knights
  3 revenants
  9 emperor scorpions
  18 azure jellies
  The ghost of shamsi the Severer, a journeyman HOBe of Trog (Orc:1)
  7 quicksilver elementals
  11 rockslimes
  21 fire giants
  17 nagarajas
  16 shadow dragons
  3 deep elf sorcerers
  10 demonspawn warmongers
  9 ghost moths
  An iron dragon (Vaults:5)
  4 draconian scorchers
  55 balrugs
  18 daevas
  8 narguns
  14 vault wardens
  9 ghouls
  3 curse skulls
  10 frost giants
  Louise (Depths:3)
  A juggernaut zombie (Depths:2)
  2 orc warlords
  A draconian shifter (Depths:4)
  A caustic shrike zombie (Hell)
  8 shard shrike simulacra
  20 demonspawn blood saints
  29 angels
  3 spectral caustic shrikes
  28 reapers
  32 cacodemons (Pan)
  A draconian stormcaller (Zot:3)
  A spectral juggernaut (Tar:3)
  20 demonspawn corrupters
  A deep elf elementalist (Elf:3)
  4 draconian annihilators
  4 broodmothers
  19 quicksilver oozes
  A juggernaut skeleton (Pan)
  3 caustic shrike skeletons
  12 very ugly things
  22 war gargoyles
  11 stone giants
  An ironbound thunderhulk (Vaults:1)
  12 ironbound preservers
  13 demonspawn black suns
  A quicksilver ooze (shapeshifter) (Vaults:5)
  Nessos (D:15)
  8 vampire knights
  10 deep elf demonologists
  15 ophanim
  27 apis
  19 elemental wellsprings
  11 putrid mouths
  A green draconian (Zot:3)
  55 lorocyprocas
  4 black draconians
  14 bennus
  10 wendigos
  3 dire elephants
  4 purple draconians
  7 yellow draconians
  A spectral titan (Tar:1)
  10 red draconians
  3 white draconians
  A bunyip (Zig:12)
  10 deep elf annihilators
  2 eleionomae
  8 spark wasps
  12 iron golems
  30 green deaths
  5 deep elf death magi
  11 merfolk impalers
  10 ettins
  13 jiangshi
  35 blizzard demons
  9 eidola
  32 mummy priests
  Josephine (D:14)
  8 merfolk javelineers
  3 fire dragons
  10 entropy weavers
  A spectral golden dragon (Tar:2)
  10 yaktaur captains
  12 great orbs of eyes
  4 spectral spriggans
  4 deep elf high priests
  A shambling mangrove (Zig:8)
  10 ironbound frosthearts
  A quicksilver dragon skeleton (Crypt:3)
  Erolcha (D:10)
  8 hell beasts
  2 spriggan skeletons (Pan)
  6 ice dragons
  7 juggernaut simulacra
  11 salamander tyrants
  30 vault guards
  3 jorogumos (Zig:19)
  5 ogre magi
  7 rakshasas
  3 spriggan air magi
  Erica (D:8)
  17 hydras
  A catoblepas (D:15)
  5 centaur warriors
  A peacekeeper (Vaults:4)
  A spectral stone giant (Tar:5)
  8 caustic shrike simulacra
  2 merfolk avatars
  19 stokers
  13 anacondas
  A satyr (Shoals:4)
  3 alligators
  5 alligator snapping turtles
  A fenstrider witch skeleton (Pan)
  2 ghost crabs
  3 radroaches
  9 merfolk aquamancers
  A death knight (Crypt:3)
  14 two-headed ogres
  15 dancing weapons
  4 death yaks
  5 deep troll earth magi
  84 death scarabs
  41 hell hogs
  10 boulder beetles
  7 deep troll shamans
  A spectral dire elephant (Tar:2)
  5 tengu warriors
  A shock serpent (shapeshifter) (Vaults:5)
  13 naga sharpshooters
  15 naga warriors
  4 spriggan berserkers (Depths:3)
  An orc high priest (Pan)
  2 hell knights (Depths:1)
  Urug (Orc:2)
  6 shock serpents
  5 vampire magi
  A wretched star (Abyss:1)
  Sonja (D:13)
  A fire crab (shapeshifter) (Zig:20)
  13 deep elf knights
  15 crystal echidnas
  Amaemon (D:10)
  14 shadow wraiths
  4 skysharks
  137 sun demons
  99 soul eaters
  A sun moth (Zig:19)
  20 cherubim
  6 salamander mystics
  35 sixfirhies
  An iron troll (shapeshifter) (Zig:15)
  A spatial maelstrom (Abyss:3)
  3 iron trolls
  31 deep trolls
  6 pharaoh ants
  4 orb spiders
  2 quicksilver dragon simulacra
  A spectral bunyip (Tar:2)
  5 flayed ghosts
  2 obsidian statues (IceCv)
  20 skeletal warriors
  16 sea snakes
  15 shadow demons
  4 glowing orange brains
  12 bog bodies
  9 lindwurms
  3 bunyip skeletons (Pan)
  8 deep elf archers
  An orange crystal statue (Snake:1)
  2 spriggan druids
  6 swamp dragons
  5 spriggan simulacra
  21 ironbound convokers
  7 naga ritualists
  8 phantasmal warriors
  3 steelbarb worms (Zig:19)
  A shadow dragon zombie (Zig:11)
  23 deep elf pyromancers
  9 orc knights
  14 wizards
  2 eleionoma zombies
  A golden dragon skeleton (Zig:11)
  A shadow dragon skeleton (Pan)
  13 mana vipers
  16 ugly things
  A steelbarb worm (shapeshifter) (Vaults:5)
  17 deep elf zephyrmancers
  A frost giant zombie (Hell)
  24 harpies
  9 necromancers
  4 stone giant zombies
  A wolf spider (shapeshifter) (Zig:15)
  17 salamanders
  9 shining eyes
  2 spectral ettins
  6 wolf spiders (Zig:19)
  2 will-o-the-wisps
  13 manticores
  An iron dragon skeleton (Pan)
  12 cyclopes
  A shining eye (shapeshifter) (Zig:15)
  36 black mambas
  A titan simulacrum (Coc:6)
  A worldbinder (Abyss:3)
  20 moths of wrath
  A fire giant skeleton (Depths:2)
  A guardian serpent (shapeshifter) (Zig:15)
  6 rust devils
  A stone giant skeleton (Pan)
  55 demonic crawlers
  6 merfolk sirens
  3 spectral centaurs (Tar:2)
  2 centaur zombies (Crypt:3)
  3 apocalypse crabs
  91 smoke demons
  4 eyes of devastation
  17 naga magi
  6 ice statues
  14 vault sentinels
  9 water nymphs
  3 centaur skeletons
  4 gargoyles
  2 unseen horrors (Pan)
  A water nymph (shapeshifter) (Vaults:1)
  2 torpor snails (shapeshifter)
  9 guardian serpents
  9 spectral swamp worms (Tar:7)
  49 orange demons
  8 elephants (Lair:5)
  A naga skeleton (Pan)
  8 ice devils
  2 storm dragon simulacra (Coc:1)
  2 dire elephant skeletons (Pan)
  16 torpor snails
  2 alligator snapping turtle skeletons (Pan)
  3 kobold demonologists
  11 cane toads
  28 hellions
  A pale draconian skeleton (Crypt:1)
  12 efreet
  10 freezing wraiths
  An iron troll zombie (Crypt:3)
  10 komodo dragons
  A yaktaur (shapeshifter) (Abyss:3)
  4 golden dragon simulacra (IceCv)
  29 tormentors
  An iron giant simulacrum (Coc:7)
  2 spriggan zombies
  27 yaktaurs
  6 rime drakes
  17 red devils
  48 guardian mummies
  A troll (shapeshifter) (Zig:15)
  5 anaconda simulacra
  2 silent spectres
  2 spectral nagas
  A hydra zombie (Crypt:3)
  A harpy zombie (Tomb:2)
  An ancient zyme (Abyss:3)
  A tyrant leech (Zig:12)
  6 hornets
  4 meliai
  A spectral harpy (Tar:3)
  14 trolls
  9 polar bears (Lair:5)
  A tarantella (shapeshifter) (D:14)
  26 hellwings
  8 wind drakes
  A shadow dragon simulacrum (Coc:1)
  11 raiju
  5 harpy skeletons
  10 blink frogs
  21 merfolk
  A meliai zombie (Crypt:2)
  8 snapping turtles
  A tarantella (Zig:14)
  6 nameless horrors
  31 dream sheep
  2 ettin zombies (Hell)
  A frost giant simulacrum (Vaults:3)
  82 slime creatures
  89 large abominations
  3 shadows
  A naga simulacrum (Coc:7)
  9 wraiths
  2 jumping spiders (Zig:19)
  A centaur simulacrum (Coc:2)
  3 vampires
  9 dire elephant simulacra
  29 flying skulls
  65 ynoxinuls
  2 yaks (shapeshifter)
  2 culicivoras (Zig:19)
  A fire dragon skeleton (Pan)
  9 air elementals
  5 wyverns
  23 water elementals
  46 yaks
  4 spriggans
  A wind drake zombie (Crypt:2)
  3 starcursed masses (Abyss:3)
  21 ushabtiu
  3 golden eyes
  2 small abominations (Abyss:3)
  3 black mamba skeletons (Pan)
  72 chaos spawn
  2 redbacks (shapeshifter) (Vaults:5)
  A vampire mosquito (D:13)
  6 basilisks
  64 neqoxecs
  A hog (shapeshifter) (Zig:15)
  A minotaur simulacrum (IceCv)
  3 glowing shapeshifter zombies
  9 wargs
  3 redbacks
  13 harpy simulacra
  38 nagas
  A deep troll zombie (Crypt:2)
  2 acid dragons
  19 water moccasins
  2 tengu zombies (Hell)
  11 hell hounds (Lair:5)
  7 hydra simulacra
  2 floating eyes
  12 black bears
  2 black bears (shapeshifter)
  15 orc warriors
  A human zombie (Vaults:1)
  Pargi (D:3)
  2 sky beasts
  3 ice beasts
  7 ettin simulacra
  11 centaurs
  A wolf (shapeshifter) (Zig:15)
  4 boggarts
  A swamp dragon zombie (Tomb:2)
  24 ogres
  41 wolves
  A manticore skeleton (Crypt:2)
  2 phantoms
  An elf zombie (Elf:1)
  2 swamp dragon skeletons (Pan)
  5 bullfrogs
  6 kobold brigands
  6 necrophages
  A human skeleton (Vaults:1)
  An elf skeleton (Crypt:2)
  2 scorpions
  A deep troll simulacrum (IceCv)
  A wyvern skeleton (Crypt:3)
  A water moccasin skeleton (Crypt:3)
  A troll zombie (Crypt:1)
  12 killer bees (D:10)
  3 howler monkeys
  9 electric eels
  A wolf zombie (Crypt:1)
  2 crimson imps (Pan)
  A human simulacrum (Vaults:3)
  3 hounds
  4 jellies
  Crazy Yiuf (D:4)
  16 orc priests
  4 iguanas
  An iron imp (Pan)
  3 sleepcaps
  26 orc wizards
  62 mummies
  12 gnolls
  A howler monkey skeleton (Crypt:1)
  8 adders
  A steam dragon zombie (Crypt:1)
  4 white imps
  3 ufetubi
  2 worms
  3 dart slugs
  69 orcs
  5 endoplasms
  6 giant cockroaches
  A gnoll zombie (Ossuary)
  35 goblins
  32 hobgoblins
  2 jackals (D:2)
  28 kobolds
  7 quokkas
  9 ball pythons
  A ball python (shapeshifter) (Zig:15)
  A ball python zombie (Crypt:1)
  5 bats
  8 frilled lizards
  A hobgoblin zombie (Ossuary)
  2 kobold zombies (Ossuary)
  4 orc zombies (Ossuary)
  5 rats
  A river rat skeleton (Crypt:3)
  A ball lightning (Pan)
  2 creeping infernos
  19 fire vortices
  A fulminant prism (D:11)
  A lurking horror (Abyss:3)
4737 creatures vanquished.

Vanquished Creatures (collateral kills)
  the Royal Jelly (Slime:5)
  A dread lich (Zot:5)
  2 orbs of fire (Zot:5)
  A royal mummy (Tomb:2)
  A Killer Klown (Zot:2)
  2 curse toes (Zot:4)
  2 pandemonium lords (Pan)
  4 golden dragons
  A doom hound (Depths:2)
  2 electric golems (Zot:5)
  A Tzitzimitl (Tar:5)
  3 Brimstone Fiends (Pan)
  6 Ice Fiends (Pan)
  5 tentacled monstrosities
  A Hell Sentinel (Pan)
  A tainted leviathan (Tar:6)
  A lich (Abyss:3)
  13 Orb Guardians (Zot:5)
  A deep elf blademaster (Elf:3)
  2 acid blobs
  A death cob (Zot:3)
  2 deep elf master archers (Elf:3)
  3 tentacled starspawn
  An ancient champion (Dis:4)
  A sphinx (Tomb:1)
  5 Executioners (Pan)
  2 storm dragons
  3 shadow dragons
  2 tengu reavers
  4 fire giants
  3 draconian monks
  2 deep elf sorcerers (Elf:3)
  3 demonspawn warmongers (Pan)
  A draconian knight (Zot:2)
  2 balrugs
  A draconian scorcher (Zot:2)
  2 draconian shifters
  A shard shrike simulacrum (Coc:7)
  3 vault wardens (Vaults:1)
  A ghoul (Crypt:1)
  2 deep elf elementalists (Elf:3)
  6 ironbound preservers
  2 spriggan defenders (Depths:3)
  3 angels
  2 demonspawn blood saints (Pan)
  4 very ugly things
  2 reapers (Pan)
  A demonspawn corrupter (Pan)
  A cacodemon (Pan)
  2 ironbound thunderhulks
  5 stone giants
  2 demonspawn black suns (Pan)
  A green draconian (Zot:3)
  A rockslime zombie (Crypt:2)
  An apis (Pan)
  A spark wasp (Depths:4)
  A vampire knight (Crypt:3)
  2 black draconians
  2 red draconians
  3 yellow draconians
  5 deep elf annihilators (Elf:3)
  A dire elephant (Vaults:3)
  A purple draconian (Zot:4)
  A white draconian (Zot:2)
  13 blizzard demons (Pan)
  2 eidola
  4 merfolk javelineers
  2 deep elf death magi
  An iron golem (Dis:4)
  2 jiangshi
  A crystal guardian (Vaults:4)
  2 great orbs of eyes
  2 mummy priests (Pan)
  A merfolk impaler (Shoals:4)
  7 green deaths (Pan)
  A spectral spriggan (Tar:2)
  2 deep elf high priests (Elf:3)
  2 vault guards (Vaults:1)
  3 hell beasts (Pan)
  A rakshasa (Abyss:1)
  2 merfolk avatars (Shoals:3)
  A salamander tyrant (Geh:7)
  2 yaktaur captains
  A bennu zombie (Crypt:1)
  An alligator snapping turtle (Shoals:4)
  2 ironbound frosthearts
  A spriggan air mage (Depths:3)
  A boulder beetle (Vaults:1)
  12 dancing weapons
  3 merfolk aquamancers (Shoals:4)
  A tengu warrior (Depths:1)
  An ogre mage (Vaults:1)
  A deep troll shaman (Depths:3)
  A death scarab (Tomb:2)
  A spriggan berserker (Depths:3)
  A hell hog (Geh:7)
  18 sun demons
  2 vampire magi (Crypt:3)
  2 thrashing horrors
  9 deep elf knights
  6 soul eaters
  2 iron trolls
  A wretched star (Abyss:3)
  A crystal echidna (Dis:4)
  9 deep trolls
  9 sixfirhies
  A spatial maelstrom (Abyss:3)
  A skeletal warrior (Tomb:2)
  A flayed ghost (Crypt:2)
  6 sea snakes
  A bunyip zombie (Abyss:1)
  A bog body (Crypt:1)
  3 shadow demons (Pan)
  2 cherubim (Pan)
  3 glowing orange brains
  3 lindwurms
  2 wizards (Depths:1)
  5 deep elf archers
  3 phantasmal warriors
  4 ironbound convokers
  An iron giant skeleton (Crypt:2)
  An orc knight (Vaults:1)
  6 harpies
  14 deep elf pyromancers
  An orc sorcerer (Elf:1)
  13 deep elf zephyrmancers
  A necromancer (Elf:1)
  A fire giant zombie (Depths:2)
  2 manticores (Shoals:3)
  2 cyclopes
  5 ugly things
  2 human zombies (Vaults:3)
  17 moths of wrath
  A jorogumo skeleton (Crypt:2)
  A worldbinder (Abyss:3)
  An iron dragon skeleton (Depths:2)
  3 rust devils
  2 apocalypse crabs
  2 vault sentinels
  A titan simulacrum (Vaults:4)
  A human skeleton (Vaults:1)
  9 orange demons
  A water nymph (Shoals:4)
  A centaur skeleton (Pan)
  5 demonic crawlers (Pan)
  16 smoke demons
  A red draconian zombie (Crypt:1)
  4 yaktaurs
  A spark wasp simulacrum (Depths:2)
  A freezing wraith (Abyss:1)
  A hellion (Pan)
  4 tormentors
  An efreet (Pan)
  A steelbarb worm zombie (Crypt:2)
  2 ice devils
  2 red devils
  An ancient zyme (Abyss:1)
  14 merfolk
  5 hellwings
  A hornet (Depths:3)
  A polar bear (Vaults:4)
  2 wind drakes (Shoals:4)
  A harpy skeleton (Pan)
  2 raiju (Abyss:3)
  A blink frog (Abyss:3)
  A meliai zombie (Crypt:3)
  A snapping turtle (Shoals:2)
  A dream sheep (Shoals:2)
  8 ynoxinuls
  A jumping spider (Vaults:4)
  A wraith (Crypt:2)
  11 water elementals
  3 air elementals
  20 slime creatures
  An elf skeleton (Vaults:1)
  A fire elemental (Elf:3)
  12 neqoxecs
  9 starcursed masses
  11 chaos spawn
  A spatial vortex (Abyss:3)
  19 large abominations
  A nameless horror (Shoals:3)
  A sky beast (Abyss:1)
  2 naga skeletons
  An ice beast (Vaults:4)
  2 elf zombies (Elf:1)
  A yaktaur zombie (Crypt:3)
  A draconian skeleton (Crypt:1)
  An earth elemental (Elf:3)
  2 necrophages (Crypt:3)
  10 small abominations
  2 crimson imps
  A mummy (Tomb:2)
  3 white imps
  3 ufetubi
  2 orcs (Depths:4)
  5 fire vortices
  2 starspawn tentacles
616 creatures vanquished.

Vanquished Creatures (others)
  A Brimstone Fiend (Pan)
  2 eldritch tentacles (Pan)
  A deep elf elementalist (Elf:3)
  A shard shrike simulacrum (Coc:7)
  A deep elf annihilator (Pan)
  A rakshasa (Pan)
  A caustic shrike simulacrum (Coc:1)
  A glowing orange brain (Pan)
  A spriggan simulacrum (Coc:2)
  An anaconda simulacrum (Coc:7)
  A bloated husk (Zig:12)
  3 large abominations (Pan)
  An ufetubus (Abyss:3)
  5 ball lightnings (Pan)
  2 creeping infernos (Geh:7)
  2 fire vortices (Pan)
  18 fulminant prisms
  6 starspawn tentacles
  4 tentacles (Tar:7)
53 creatures vanquished.

Grand Total: 5406 creatures vanquished

Notes
Turn   | Place    | Note
-------+----------+-------------------------------------------
     0 | D:1      | Zkahoot the Deep Elf Conjurer began the quest for the Orb.
     0 | D:1      | Reached XP level 1. HP: 10/10 MP: 6/6
   200 | D:1      | Found a faded altar of an unknown god.
   204 | D:1      | Reached XP level 2. HP: 15/15 MP: 3/8
   756 | D:1      | Learned a level 2 spell: Searing Ray
   761 | D:2      | Reached skill level 5 in Conjurations
   761 | D:2      | Reached XP level 3. HP: 19/19 MP: 4/10
  1287 | D:2      | Identified the +7 dagger "Jaqatawnyf" {speed, rC+ rN+}
  1715 | D:2      | Reached XP level 4. HP: 24/24 MP: 8/12
  1951 | D:3      | Found a large runed translucent door.
  1973 | D:3      | Found a large runed translucent door.
  1983 | D:3      | Found a sacrificial altar of Ru.
  1988 | D:3      | Found a white marble altar of Elyvilon.
  2113 | D:3      | Reached skill level 5 in Spellcasting
  2231 | D:3      | Learned a level 4 spell: Iskenderun's Mystic Blast
  2314 | D:3      | Noticed Pargi
  2325 | D:3      | Killed Pargi
  2326 | D:3      | Reached skill level 1 in Translocations
  2326 | D:3      | Reached XP level 5. HP: 26/28 MP: 2/15
  3184 | D:3      | Reached XP level 6. HP: 32/32 MP: 8/16
  3991 | D:4      | Found Genoh's Lightly-Used Armoury.
  4051 | D:4      | Found a staircase to the Ecumenical Temple.
  4060 | Temple   | Entered the Ecumenical Temple
  4276 | Temple   | Became a worshipper of Vehumet
  4512 | D:4      | Reached XP level 7. HP: 36/36 MP: 0/19
  4788 | D:4      | Found a runed translucent door.
  4789 | D:4      | Noticed Crazy Yiuf
  4795 | D:4      | Killed Crazy Yiuf
  4936 | D:4      | Found an ornate altar of the Wu Jian Council.
  4943 | D:4      | Found Nietiz's Armour Boutique.
  4951 | D:4      | Bought a +1 helmet of see invisible for 181 gold pieces
  5147 | D:4      | Found a burning altar of Makhleb.
  5167 | D:4      | Found a glowing golden altar of the Shining One.
  5176 | D:4      | Found an opulent altar of Gozag.
  5176 | D:4      | Found a snail-covered altar of Cheibriados.
  5300 | D:5      | Entered Level 5 of the Dungeon
  5547 | D:5      | Found a sand-covered staircase.
  5552 | Ossuary  | Entered an ossuary
  5634 | Ossuary  | Reached * piety under Vehumet
  5634 | Ossuary  | Offered knowledge of Kiss of Death by Vehumet.
  5743 | Ossuary  | Reached XP level 8. HP: 41/41 MP: 15/22
  6729 | D:6      | Found an iron altar of Okawaru.
  7003 | D:6      | Reached skill level 1 in Fighting
  7239 | D:6      | Found a sparkling altar of Nemelex Xobeh.
  7242 | D:6      | Got the Atlas of the Door
  7356 | D:6      | Offered knowledge of Sandblast by Vehumet.
  7619 | D:6      | Identified the +2 helmet of the Blessed Realm {rPois rCorr}
  8331 | D:7      | Learned a level 3 spell: Stone Arrow
  8560 | D:7      | Reached ** piety under Vehumet
  8813 | D:7      | Reached XP level 9. HP: 34/49 MP: 24/24
  8816 | D:7      | Reached skill level 5 in Dodging
  9137 | D:8      | Learned a level 6 spell: Iron Shot
  9182 | D:8      | Offered knowledge of Hailstorm by Vehumet.
  9355 | D:8      | Noticed Erica
  9364 | D:8      | Killed Erica
  9365 | D:8      | Reached skill level 10 in Spellcasting
  9517 | D:8      | Reached *** piety under Vehumet
  9825 | D:8      | Noticed a death yak
  9936 | D:8      | Found a staircase to the Lair.
 10084 | D:8      | Killed a death yak
 10085 | D:8      | Reached skill level 10 in Conjurations
 10085 | D:8      | Reached XP level 10. HP: 56/56 MP: 20/27
 10170 | D:9      | Identified the +10 flail of Yesterday {freeze, *Corrode
                  | +Blink rC+++ SInv}
 10946 | D:9      | Offered knowledge of Airstrike by Vehumet.
 10948 | D:9      | Reached skill level 5 in Earth Magic
 11324 | D:9      | Found a staircase to the Orcish Mines.
 11577 | D:10     | Entered Level 10 of the Dungeon
 11629 | D:10     | Reached **** piety under Vehumet
 11730 | D:10     | Noticed an orange demon
 11867 | D:10     | Offered knowledge of Olgreb's Toxic Radiance by Vehumet.
 11870 | D:10     | Noticed Amaemon
 11976 | D:10     | Killed Amaemon
 11976 | D:10     | Noticed an orange demon
 11977 | D:10     | Reached XP level 11. HP: 60/60 MP: 22/29
 12531 | D:10     | Learned a level 4 spell: Olgreb's Toxic Radiance
 12541 | D:10     | Noticed Erolcha
 12549 | D:10     | Killed Erolcha
 13159 | D:11     | Noticed a boulder beetle
 13172 | D:11     | Reached ***** piety under Vehumet
 13236 | D:11     | Offered knowledge of Eringya's Noxious Bog by Vehumet.
 13535 | D:11     | Noticed a two-headed ogre
 13537 | D:11     | Killed a two-headed ogre
 13538 | D:11     | Reached skill level 10 in Dodging
 13806 | D:11     | Noticed a green ugly thing
 13811 | D:11     | Killed a green ugly thing
 14042 | D:11     | Noticed a boulder beetle
 14048 | D:11     | Learned a level 4 spell: Fulminant Prism
 14055 | D:11     | Killed a boulder beetle
 14186 | D:11     | Killed a boulder beetle
 14501 | D:12     | Found a glowing golden altar of the Shining One.
 14576 | D:12     | Reached XP level 12. HP: 64/64 MP: 20/32
 14678 | D:12     | Learned a level 3 spell: Ignite Poison
 15355 | Lair:1   | Entered Level 1 of the Lair of Beasts
 15829 | Lair:1   | You fall into a shaft and drop 1 floor!
 15829 | Lair:2   | Found a staircase to the Snake Pit.
 15839 | Lair:2   | Found a staircase to the Shoals.
 16067 | Lair:1   | Reached skill level 15 in Spellcasting
 16589 | Lair:2   | Reached skill level 10 in Earth Magic
 16882 | Lair:2   | Reached skill level 1 in Shields
 17131 | Lair:2   | Offered knowledge of Orb of Destruction by Vehumet.
 18287 | Lair:3   | Noticed an eight-headed hydra
 18291 | Lair:3   | Killed an eight-headed hydra
 18292 | Lair:3   | Reached XP level 13. HP: 68/68 MP: 33/34
 19791 | Lair:4   | Found a staircase to the Slime Pits.
 19791 | Lair:4   | Found a viscous altar of Jiyva.
 20403 | Lair:4   | Found a runed translucent door.
 20619 | Lair:5   | Entered Level 5 of the Lair of Beasts
 20649 | Lair:5   | Offered knowledge of Yara's Violent Unravelling by Vehumet.
 21144 | Lair:5   | Reached skill level 15 in Conjurations
 21284 | Lair:5   | Noticed a dire elephant
 21318 | Lair:5   | Killed a dire elephant
 21669 | Lair:5   | Reached XP level 14. HP: 74/74 MP: 32/37
 22459 | Lair:5   | Identified the +1 chain mail "Lulob" {rC- Str+4}
 22465 | Lair:5   | Offered knowledge of Lee's Rapid Deconstruction by Vehumet.
 24249 | Lair:5   | Identified the ring of Vegrot {rCorr MP+9 Int-5 Dex+4
                  | Stlth+}
 25139 | D:13     | Offered knowledge of Plasma Beam by Vehumet.
 25503 | D:13     | Learned a level 3 spell: Ozocubu's Armour
 25715 | D:13     | Reached skill level 1 in Ice Magic
 26024 | D:13     | Noticed Sonja
 26025 | D:13     | Killed Sonja
 26026 | D:13     | Reached XP level 15. HP: 78/78 MP: 39/40
 26932 | D:14     | Found a frozen archway.
 26944 | IceCv    | Entered an ice cave
 28113 | D:14     | Noticed Josephine
 28116 | D:14     | Killed Josephine
 28785 | D:14     | Found a gate to the Vaults.
 28789 | D:14     | Reached skill level 5 in Stealth
 28930 | D:14     | Found a white marble altar of Elyvilon.
 29015 | D:15     | Entered Level 15 of the Dungeon
 29670 | D:15     | Offered knowledge of Starburst by Vehumet.
 29959 | D:15     | Found a staircase to the Depths.
 30259 | D:15     | Noticed Nessos
 30265 | D:15     | Killed Nessos
 31163 | Snake:1  | Entered Level 1 of the Snake Pit
 31230 | Snake:1  | Found Yqaxarom's General Store.
 31234 | Snake:1  | Found Lickach's Book Shop.
 31237 | Snake:1  | Found Veavot's Antique Armour Boutique.
 31288 | Snake:1  | Bought a potion of magic for 112 gold pieces
 31507 | Snake:1  | Reached skill level 15 in Earth Magic
 31707 | Snake:1  | Reached XP level 16. HP: 86/86 MP: 40/41
 31799 | Snake:1  | Reached skill level 5 in Fighting
 32141 | Snake:1  | Identified the +0 barding of Jaov {rF+}
 32222 | Snake:2  | Found a runed translucent door.
 32222 | Snake:2  | Noticed Quickbrownfox's ghost (adept DsCj)
 32847 | Snake:2  | Offered knowledge of Conjure Ball Lightning by Vehumet.
 33790 | Snake:3  | Reached skill level 5 in Shields
 35280 | Snake:3  | Found the +3 salamander hide armour {Flames, rFlCloud rF++
                  | rC--}
 35588 | Snake:4  | Entered Level 4 of the Snake Pit
 36944 | Snake:4  | Reached XP level 17. HP: 92/92 MP: 30/43
 38446 | Snake:4  | Got a serpentine rune of Zot
 38740 | Orc:1    | Entered Level 1 of the Orcish Mines
 39026 | Orc:1    | Found a burning altar of Makhleb.
 39044 | Orc:1    | Found Fius's Book Emporium.
 39079 | Orc:1    | Noticed shamsi's ghost (journeyman HOBe)
 39088 | Orc:1    | Found a runed translucent gate.
 39089 | Orc:1    | Found a runed translucent gate.
 39096 | Orc:1    | Found a runed translucent gate.
 39406 | Orc:2    | Entered Level 2 of the Orcish Mines
 39412 | Orc:2    | Noticed Urug
 39414 | Orc:2    | Killed Urug
 39779 | Orc:2    | Found a staircase to the Elven Halls.
 39807 | Orc:2    | Found Ceq Rosehau's Weapon Shop.
 40080 | Orc:2    | Learned a level 7 spell: Spellforged Servitor
 40103 | Orc:2    | Found Panuq's Assorted Antiques.
 40104 | Orc:2    | Found Enlofunu's Magic Scroll Emporium.
 40114 | Orc:2    | Found Noubehip's Armour Boutique.
 40117 | Orc:2    | Bought a scroll of silence for 152 gold pieces
 40117 | Orc:2    | Bought 2 scrolls of identify for 64 gold pieces
 40117 | Orc:2    | Bought a scroll of blinking for 120 gold pieces
 40117 | Orc:2    | Bought a scroll of identify for 32 gold pieces
 40123 | Orc:2    | Identified a scroll of acquirement
 40487 | Orc:2    | Found Oseicw's Assorted Antiques.
 40495 | Orc:2    | Bought a potion of brilliance for 132 gold pieces
 40495 | Orc:2    | Bought a potion of heal wounds for 165 gold pieces
 40704 | Shoals:1 | Entered Level 1 of the Shoals
 40710 | Shoals:1 | Reached ****** piety under Vehumet
 41522 | Shoals:1 | Got the Almanac of Trauma
 42994 | Shoals:2 | Reached XP level 18. HP: 52/106 MP: 3/45
 43265 | Shoals:2 | Reached skill level 1 in Summonings
 43318 | Shoals:2 | Offered knowledge of Lehudib's Crystal Spear by Vehumet.
 43318 | Shoals:2 | Offered knowledge of Shatter by Vehumet.
 43318 | Shoals:2 | Offered knowledge of Maxwell's Capacitive Coupling by
                  | Vehumet.
 44059 | Shoals:2 | Reached skill level 5 in Summonings
 44709 | Shoals:3 | Learned a level 8 spell: Lehudib's Crystal Spear
 45184 | Shoals:3 | Reached skill level 10 in Fighting
 46399 | Shoals:4 | Entered Level 4 of the Shoals
 46399 | Shoals:4 | Found a stormy altar of Qazlal.
 47820 | Shoals:4 | Identified the +2 ring mail "Dulakhe" {SInv}
 48288 | Shoals:4 | Got a barnacled rune of Zot
 48289 | Shoals:4 | Identified the ring of Lecsiopnyc {rF+ Will++ Dex+3}
 48295 | Shoals:4 | Acquired 1264 gold pieces
 48837 | Shoals:4 | Found a stormy altar of Qazlal.
 48838 | Shoals:4 | Paralysed by an air elemental for 1 turns
 49139 | Shoals:4 | Paralysed by an air elemental for 1 turns
 49511 | Elf:1    | Entered Level 1 of the Elven Halls
 49599 | Elf:1    | Reached XP level 19. HP: 119/119 MP: 31/46
 49898 | Elf:1    | Paralysed by an air elemental for 1 turns
 50420 | Elf:1    | Identified Roxanne's Precepts of Composition
 50420 | Elf:1    | Noticed Roxanne
 50972 | Elf:1    | Got the Treatise on Darkness
 51341 | Elf:2    | Found Yruenu's General Store.
 51344 | Elf:2    | Bought the +2 cloak "Porghyff" {rPois rF+ Dex+2} for 405
                  | gold pieces
 51344 | Elf:2    | Bought a potion of curing for 33 gold pieces
 51473 | Elf:2    | Reached skill level 1 in Armour
 52131 | Elf:2    | Reached skill level 5 in Armour
 52245 | Elf:2    | Found a runed translucent gate.
 52246 | Elf:2    | Found a runed translucent gate.
 52249 | Elf:2    | Found a runed translucent gate.
 52262 | Elf:2    | Paralysed by an air elemental for 1 turns
 53594 | Elf:3    | Entered Level 3 of the Elven Halls
 54387 | Elf:3    | Reached skill level 1 in Necromancy
 54826 | Elf:3    | Identified the ring of the Suburbs {Ice Contam rCorr Dex-5
                  | Stlth+}
 55018 | Elf:3    | Reached XP level 20. HP: 97/125 MP: 24/47
 55119 | Elf:3    | Identified the +7 flail of Generosity {freeze, rElec rN+
                  | Will+}
 55119 | Elf:3    | Identified the amulet "Enil" {Reflect Int+3 SH+5}
 55303 | Elf:3    | Reached skill level 5 in Necromancy
 55981 | Elf:3    | Identified the staff of poison "Otech" {*Slow Fly rElec
                  | rPois Stlth+}
 56174 | Elf:3    | Identified the staff of fire "Ryliob" {Drain rF+ Will++
                  | Str+3 Stlth+}
 56621 | Orc:2    | Learned a level 9 spell: Shatter
 56821 | Vaults:1 | Entered Level 1 of the Vaults
 58143 | Vaults:1 | Identified the ring of Ru's Reproof {Drain rF+++ rCorr EV+5
                  | Int+3 Dex+3}
 58305 | Vaults:1 | Identified the +4 sling "Kuletz" {flame, rCorr Str+3 Int+4
                  | SInv}
 58312 | Vaults:1 | Identified the +2 helmet of the Endless Expanse {rElec MP+9
                  | Int+3}
 60437 | Vaults:2 | Found Maips's Weapon Boutique.
 60702 | Vaults:2 | Found a staircase to the Crypt.
 60720 | Vaults:2 | Found Bodwixusm's Weapon Emporium.
 61412 | Vaults:2 | Learned a level 4 spell: Passage of Golubria
 62378 | Vaults:3 | Reached XP level 21. HP: 131/131 MP: 38/48
 63578 | Vaults:3 | Noticed Bai Suzhen
 63583 | Vaults:3 | Killed Bai Suzhen
 65652 | Vaults:5 | Entered Level 5 of the Vaults
 65657 | Vaults:5 | Noticed a dread lich
 65659 | Vaults:5 | Killed a dread lich
 65686 | Vaults:5 | Reached XP level 22. HP: 136/136 MP: 44/49
 65705 | Vaults:5 | Identified the +9 rapier "Embalmer" {freeze, rC++ Int+7}
 65711 | Vaults:5 | Noticed an ancient lich
 65713 | Vaults:5 | Killed an ancient lich
 66144 | Vaults:5 | Found Latutaoch's Book Shoppe.
 66223 | Vaults:5 | Got the Book of Akashic Injury
 66266 | Vaults:5 | Noticed a golden dragon
 66273 | Vaults:5 | Killed a golden dragon
 66308 | Vaults:5 | Identified the +5 scimitar of the Living Dead {drain, rN+}
 66308 | Vaults:5 | Identified the ring "Fetz" {Wiz rElec rN+++ MP-9 Str-4}
 66455 | Vaults:5 | Identified the +3 falchion of the Spider Nest {spect, rC-
                  | rCorr Str+4}
 66549 | Vaults:5 | Got a silver rune of Zot
 66560 | Vaults:5 | Identified the +0 ring mail of the Kettle-Drum {+Inv Str+3}
 66619 | Vaults:5 | Bought a manual of Shields for 1760 gold pieces
 66664 | Vaults:5 | Identified the +0 flail of Kuyno {vamp, Fly rElec rC++
                  | Will-}
 66687 | Vaults:5 | Identified the staff of fire "Angy" {+Blink rF+}
 66721 | Vaults:5 | Acquired 884 gold pieces
 66924 | Vaults:5 | Identified the ring of Vehumet's Regard {Dex+6 SInv}
 66985 | Vaults:5 | Acquired 604 gold pieces
 67417 | Crypt:1  | Entered Level 1 of the Crypt
 69602 | Crypt:2  | Reached skill level 15 in Fighting
 69865 | Crypt:2  | Identified the +0 leather armour of the Candlemaker {rElec
                  | rN+ Dex-5}
 70252 | Crypt:3  | Entered Level 3 of the Crypt
 70836 | Crypt:3  | Reached XP level 23. HP: 125/147 MP: 13/50
 72515 | Crypt:3  | Identified the ring of Doilooph {rC+ rN+ EV+5 Dex+3}
 72667 | Crypt:3  | Found an ancient bone altar of Kikubaaqudgha.
 72676 | Crypt:3  | Found a basalt altar of Yredelemnul.
 72715 | Crypt:3  | Got Ysaajug's Omnibus of the Syncline
 72736 | Crypt:3  | Identified the +5 mace "Kuzudex" {flame, rF+ Stlth+}
 72739 | Crypt:3  | Identified the +11 plate armour "Bocaetso" {rC+}
 73019 | Crypt:3  | Found a staircase to the Tomb.
 73229 | Depths:1 | Entered Level 1 of the Depths
 73777 | Depths:1 | Found a one-way gateway to a ziggurat.
 73858 | Depths:1 | Found a gateway to Hell.
 73858 | Depths:1 | Noticed Margery
 73861 | Depths:1 | Killed Margery
 74361 | Depths:2 | Noticed Grunn
 74368 | Depths:2 | Killed Grunn
 75639 | Depths:2 | Found a corrupted altar of Lugonu.
 75639 | Depths:2 | Found a one-way gate to the infinite horrors of the Abyss.
 75672 | Depths:2 | Found a one-way gate leading to the halls of Pandemonium.
 76378 | Depths:3 | Identified the +1 leather armour of the Snail {Regen+}
 76569 | Depths:3 | Noticed Vv
 76691 | Depths:3 | Killed Vv
 76881 | Depths:3 | Found Cidadd's Book Emporium.
 76890 | Depths:3 | Found Fiqoups's Jewellery Shop.
 76891 | Depths:3 | Found Loihiud's Book Emporium.
 77288 | Depths:3 | Reached XP level 24. HP: 161/161 MP: 46/50
 77419 | Depths:3 | Noticed Louise
 77422 | Depths:3 | Killed Louise
 77875 | Depths:4 | Entered Level 4 of the Depths
 77881 | Depths:4 | Noticed a juggernaut
 77885 | Depths:4 | Killed a juggernaut
 78162 | Depths:4 | Noticed Saint Roka
 78213 | Depths:4 | Killed Saint Roka
 78352 | Depths:4 | Noticed Boris
 78355 | Depths:4 | Killed Boris
 78770 | Depths:4 | Found a gate to the Realm of Zot.
 79094 | Depths:4 | Noticed a juggernaut
 79097 | Depths:4 | Killed a juggernaut
 79868 | Zot:1    | Entered Level 1 of the Realm of Zot
 81191 | Zot:1    | Found an ancient bone altar of Kikubaaqudgha.
 83259 | Zot:2    | Identified the +10 long sword of the Feral God {freeze,
                  | Str+3}
 83974 | Zot:3    | Reached XP level 25. HP: 175/175 MP: 45/50
 84071 | Zot:3    | Noticed a Killer Klown
 84073 | Zot:3    | Killed a Killer Klown
 84081 | Zot:3    | Noticed a Killer Klown
 84205 | Zot:2    | Killed a Killer Klown
 84299 | Zot:3    | Noticed a Killer Klown
 84301 | Zot:3    | Noticed a dread lich
 84437 | Zot:3    | Killed a dread lich
 84444 | Zot:3    | Noticed a Killer Klown
 84554 | Zot:3    | Noticed a Killer Klown
 84561 | Zot:3    | Killed a Killer Klown
 84627 | Zot:3    | Noticed a Killer Klown
 84782 | Zot:3    | Killed a Killer Klown
 84785 | Zot:3    | Killed a Killer Klown
 84969 | Zot:3    | Killed a Killer Klown
 85167 | Zot:3    | Identified the +1 leather armour of Lej Mog {Int+2}
 85436 | Zot:3    | Found a transporter.
 85438 | Zot:3    | Found a transporter.
 85440 | Zot:3    | Found a transporter.
 85933 | Zot:3    | Found a transporter.
 88187 | Slime:1  | Entered Level 1 of the Pits of Slime
 88279 | Slime:2  | Gained mutation: Your body sometimes deteriorates upon
                  | taking damage. [a shining eye]
 90093 | Slime:5  | Entered Level 5 of the Pits of Slime
 90107 | Slime:5  | Noticed the Royal Jelly
 90119 | Slime:5  | Killed the Royal Jelly
 90563 | Slime:5  | Gained mutation: Your body often deteriorates upon taking
                  | damage. [a shining eye]
 90656 | Slime:5  | Reached XP level 26. HP: 188/188 MP: 50/50
 90660 | Slime:5  | Identified the amulet "Loischod" {Reflect rC++ rN+ Int-2
                  | SH+5}
 90688 | Slime:5  | Identified the amulet "Riclodad" {Faith +Inv rPois Dex-5
                  | Slay+5}
 90719 | Slime:5  | Identified the staff of air "Puki" {rElec rPois rC+ rCorr}
 90721 | Slime:5  | Identified the +6 mace of Righteous Anger {heavy, Will+++
                  | rCorr Str-3}
 90727 | Slime:5  | Got a slimy rune of Zot
 90749 | Slime:5  | Identified the amulet "Egironud" {Spirit Fragile rF+ rC+
                  | Regen+}
 90750 | Slime:5  | Identified the amulet of Ymmunat {Reflect rElec SH+5}
 90784 | Slime:5  | Identified the +0 robe of a bazaar {rC++ Regen+ rCorr
                  | Slay-5}
 90858 | Slime:5  | Identified the +1 quarterstaff of Mastery {protect, +Blink
                  | Str+4 Dex+4}
 91500 | D:9      | Learned a level 1 spell: Apportation
 91503 | D:9      | Learned a level 2 spell: Blink
 91721 | Depths:2 | Voluntarily entered the Abyss.
 92057 | Abyss:1  | Found a corrupted altar of Lugonu.
 92137 | Abyss:1  | Found a corrupted altar of Lugonu.
 92224 | Abyss:1  | Found a corrupted altar of Lugonu.
 92409 | Abyss:3  | Found a corrupted altar of Lugonu.
 92476 | Abyss:3  | Reached skill level 15 in Dodging
 92728 | Abyss:3  | Got an abyssal rune of Zot
 92797 | Abyss:3  | Gained mutation: You are clumsy. (Dex -2) [a neqoxec]
 92870 | Abyss:3  | Found a corrupted altar of Lugonu.
 92956 | Depths:2 | Escaped the Abyss
 93087 | Hell     | Entered the Vestibule of Hell
 93090 | Hell     | Noticed Geryon
 93097 | Hell     | Killed Geryon
 93253 | Hell     | Noticed an ancient lich
 93256 | Hell     | Killed an ancient lich
 93262 | Hell     | Reached skill level 10 in Necromancy
 93331 | Hell     | Found a gateway to the freezing wastes of Cocytus.
 93388 | Hell     | Found a gateway to the Iron City of Dis.
 93659 | Hell     | Found a gateway to the ashen valley of Gehenna.
 93697 | Hell     | Found a gateway to the decaying netherworld of Tartarus.
 94201 | Zot:5    | Entered Level 5 of the Realm of Zot
 95159 | Zot:5    | Noticed an orb of fire
 95165 | Zot:5    | Killed an orb of fire
 95492 | Zot:5    | Noticed an orb of fire
 95496 | Zot:5    | Gained mutation: You do not regenerate when monsters are
                  | visible. [an orb of fire]
 95497 | Zot:5    | Killed an orb of fire
 95766 | Zot:5    | Reached skill level 15 in Necromancy
 95985 | Zot:5    | Noticed an orb of fire
 95996 | Zot:5    | Killed an orb of fire
 96065 | Zot:5    | Noticed an orb of fire
 96068 | Zot:5    | Killed an orb of fire
 96120 | Zot:5    | Reached XP level 27. HP: 193/193 MP: 42/50
 96391 | Zot:5    | Noticed a dread lich
 96395 | Zot:5    | Killed a dread lich
 96662 | Zot:5    | Noticed an ancient lich
 96670 | Zot:5    | Killed an ancient lich
 97822 | Depths:1 | Learned a level 9 spell: Death's Door
 98305 | Elf:3    | Lost mutation: You are clumsy. (Dex -2) [potion of
                  | mutation]
 98305 | Elf:3    | Lost mutation: You do not regenerate when monsters are
                  | visible. [potion of mutation]
 98305 | Elf:3    | Lost mutation: Your body often deteriorates upon taking
                  | damage. [potion of mutation]
 98305 | Elf:3    | Gained mutation: Your skin changes colour to match your
                  | surroundings (Stealth+). [potion of mutation]
 98305 | Elf:3    | Gained mutation: You occasionally shout uncontrollably at
                  | your foes. [potion of mutation]
 98307 | Elf:3    | Lost mutation: Your body sometimes deteriorates upon taking
                  | damage. [potion of mutation]
 98307 | Elf:3    | Lost mutation: Your skin changes colour to match your
                  | surroundings (Stealth+). [potion of mutation]
 98307 | Elf:3    | Gained mutation: Your muscles are strong. (Str +4, Int/Dex
                  | -1) [potion of mutation]
 98307 | Elf:3    | Gained mutation: You are frail. (-10% HP) [potion of
                  | mutation]
 98307 | Elf:3    | Gained mutation: Your body sometimes deteriorates upon
                  | taking damage. [potion of mutation]
 98308 | Elf:3    | Lost mutation: You occasionally shout uncontrollably at
                  | your foes. [potion of mutation]
 98308 | Elf:3    | Lost mutation: Your muscles are strong. (Str +4, Int/Dex
                  | -1) [potion of mutation]
 98308 | Elf:3    | Lost mutation: You are frail. (-10% HP) [potion of
                  | mutation]
 98308 | Elf:3    | Gained mutation: You are somewhat resistant to further
                  | mutation. [potion of mutation]
 98308 | Elf:3    | Gained mutation: You passively dampen the noise of your
                  | surroundings. [potion of mutation]
 98388 | Elf:2    | Bought a +6 ring of strength for 396 gold pieces
 98650 | Zig:1    | Entered Level 1 of a ziggurat
 98662 | Zig:2    | Entered Level 2 of a ziggurat
 98787 | Zig:3    | Entered Level 3 of a ziggurat
 98801 | Zig:3    | Got the Quarto of Pyromancy
 98803 | Zig:4    | Entered Level 4 of a ziggurat
 98837 | Zig:5    | Entered Level 5 of a ziggurat
 98959 | Zig:5    | Identified the +9 whip of Karma {flame, Int+3}
 98965 | Zig:5    | Got Sif Muna's Quarto of Accelerants and Formation
 98972 | Zig:6    | Entered Level 6 of a ziggurat
 98977 | Zig:6    | Noticed Gukha the pandemonium lord
 98982 | Zig:6    | Killed Gukha the pandemonium lord
 99049 | Zig:6    | Identified the staff of conjuration "Zeluon" {+Blink Int+5}
 99096 | Zig:7    | Entered Level 7 of a ziggurat
 99164 | Zig:7    | Identified the ring of Imaifafu {rF- rN+++ Will++ rCorr
                  | MP+9}
 99194 | Zig:7    | Identified the +3 ring mail of the Pink Corner {Int+2}
 99206 | Zig:8    | Entered Level 8 of a ziggurat
 99213 | Zig:8    | Found the amulet of the Four Winds {rN+ Will+++ Clar}
 99230 | Zig:8    | Identified the +5 flail "Demonbane" {holy, Will+ MP+9 Str+4
                  | Dex-4}
 99246 | Zig:8    | Identified the +6 hand axe of Fifaihech {freeze, *Noise
                  | rElec rCorr}
 99255 | Zig:8    | Got Pieblan's Almanac of Amathomancy
 99266 | Zig:8    | Learned a level 6 spell: Statue Form
 99415 | Zig:9    | Entered Level 9 of a ziggurat
 99576 | Zig:9    | Identified the amulet of the Lily {Faith Will- Str+2 Int+8
                  | Dex+3}
 99612 | Zig:10   | Entered Level 10 of a ziggurat
 99642 | Zig:10   | Identified the +0 falchion of Xiewkoyt {antimagic, rElec
                  | Dex+2}
 99645 | Zig:10   | Identified the +6 glaive "Alaostruts" {antimagic, SInv}
 99669 | Zig:11   | Entered Level 11 of a ziggurat
 99679 | Zig:11   | Noticed a royal mummy
 99680 | Zig:11   | Noticed a royal mummy
 99682 | Zig:11   | Noticed a royal mummy
 99683 | Zig:11   | Killed a royal mummy
 99683 | Zig:11   | Killed a royal mummy
 99685 | Zig:11   | Killed a royal mummy
 99816 | Zig:11   | Identified the ring "Cyzxas" {Contam rN+ Will++ rCorr
                  | Int+2}
 99820 | Zig:11   | Got the Catalogue of the Singularity and Arson
 99823 | Zig:11   | Identified the +4 rapier of Cataclysm {holy, Dex+3}
100006 | Zig:12   | Entered Level 12 of a ziggurat
100138 | Zig:12   | Identified the +10 mace of Disembowelment {vamp, MP+9 Str+5
                  | Dex-3 SInv}
100153 | Zig:13   | Entered Level 13 of a ziggurat
100230 | Zig:13   | Identified the +1 leather armour of Ynkym {-Cast rPois
                  | Regen+ rCorr}
100239 | Zig:13   | Identified the amulet "Daxzirea" {Spirit rC+}
100265 | Zig:14   | Entered Level 14 of a ziggurat
100459 | Zig:14   | Identified the ring of Ephemeral Luck {rElec rF+ rC+ Str+3
                  | Slay-2}
100466 | Zig:14   | Identified the ring "Zuhuobeq" {rN+ Int+5 Dex+6}
100490 | Zig:15   | Entered Level 15 of a ziggurat
100497 | Zig:15   | Noticed Tyifylan the pandemonium lord
100527 | Zig:15   | Noticed Disa the pandemonium lord
100537 | Zig:15   | Noticed Zeblut the pandemonium lord
100538 | Zig:15   | Killed Disa the pandemonium lord
100545 | Zig:15   | Killed Zeblut the pandemonium lord
100545 | Zig:15   | Noticed Ohoklolu the pandemonium lord
100553 | Zig:15   | Reached skill level 27 in Necromancy
100553 | Zig:15   | Killed Ohoklolu the pandemonium lord
100558 | Zig:15   | Killed Tyifylan the pandemonium lord
100650 | Zig:15   | Identified the ring "Beufir" {rPois Str+6}
100666 | Zig:15   | Identified the staff of death "Itzenov" {rPois rN+ rCorr
                  | MP+9 Stlth-}
100697 | Zig:15   | Lost mutation: You passively dampen the noise of your
                  | surroundings. [potion of mutation]
100697 | Zig:15   | Lost mutation: You are somewhat resistant to further
                  | mutation. [potion of mutation]
100697 | Zig:15   | Lost mutation: Your body sometimes deteriorates upon taking
                  | damage. [potion of mutation]
100697 | Zig:15   | Gained mutation: Your spells are a little harder to cast,
                  | but a little more powerful. [potion of mutation]
100697 | Zig:15   | Gained mutation: You are clumsy. (Dex -2) [potion of
                  | mutation]
100697 | Zig:15   | Gained mutation: You expend magic power (3 MP) to
                  | strengthen your wands. [potion of mutation]
100703 | Zig:16   | Entered Level 16 of a ziggurat
100850 | Zig:16   | Identified the staff of air "Nuacean" {rElec rC+}
100869 | Zig:17   | Entered Level 17 of a ziggurat
100875 | Zig:17   | Paralysed by a floating eye for 3 turns
100929 | Zig:17   | Identified the ring "Fameidu" {rF+ MP+9}
100935 | Zig:17   | Identified the +2 halberd of the Bursting Gnat {antimagic,
                  | rElec rC+}
100936 | Zig:17   | Identified the ring of the Past {rElec rC+ SInv}
100939 | Zig:17   | Got Peykolibb's Atlas of Ashes and Orogeny
100963 | Zig:17   | Identified the staff of fire "Azowunen" {rF+ Int+3}
100964 | Zig:17   | Identified the +5 trident "Owuun" {pain, Drain Str+5}
100978 | Zig:18   | Entered Level 18 of a ziggurat
101009 | Zig:18   | Gained mutation: You have a pair of small horns on your
                  | head. [a shining eye]
101014 | Zig:18   | Gained mutation: You have hidden genetic defects. [a
                  | shining eye]
101015 | Zig:18   | Gained mutation: Your magical capacity is low. (-10% MP)
                  | [mutagenic glow]
101094 | Zig:18   | Found the +5 Lochaber axe {reach-cleave, Poleaxe Drain}
101132 | Zig:18   | Identified the +6 broad axe "Afodik" {freeze, Stlth+}
101143 | Zig:18   | Identified the staff of conjuration "Ablu" {rN+ Stlth+}
101188 | Zig:18   | Learned a level 5 spell: Borgnjor's Vile Clutch
101211 | Zig:19   | Entered Level 19 of a ziggurat
101426 | Zig:19   | Lost mutation: You have a pair of small horns on your head.
                  | [potion of mutation]
101426 | Zig:19   | Lost mutation: You are clumsy. (Dex -2) [potion of
                  | mutation]
101426 | Zig:19   | Gained mutation: You passively dampen the noise of your
                  | surroundings. [potion of mutation]
101427 | Zig:19   | Lost mutation: You expend magic power (3 MP) to strengthen
                  | your wands. [potion of mutation]
101427 | Zig:19   | Lost mutation: You have hidden genetic defects. [potion of
                  | mutation]
101427 | Zig:19   | Gained mutation: You expend magic power (3 MP) to
                  | strengthen your wands. [potion of mutation]
101427 | Zig:19   | Gained mutation: Armour fits poorly on your strangely
                  | shaped body. [potion of mutation]
101435 | Zig:19   | Lost mutation: You passively dampen the noise of your
                  | surroundings. [potion of mutation]
101435 | Zig:19   | Lost mutation: Your spells are a little harder to cast, but
                  | a little more powerful. [potion of mutation]
101435 | Zig:19   | Gained mutation: You are partially covered in iridescent
                  | scales. (AC +2) [potion of mutation]
101435 | Zig:19   | Gained mutation: You are covered in fur. (AC +1) [potion of
                  | mutation]
101436 | Zig:19   | Lost mutation: You are partially covered in iridescent
                  | scales. (AC +2) [potion of mutation]
101436 | Zig:19   | Lost mutation: Your magical capacity is low. (-10% MP)
                  | [potion of mutation]
101436 | Zig:19   | Lost mutation: You are covered in fur. (AC +1) [potion of
                  | mutation]
101436 | Zig:19   | Gained mutation: You are frail. (-10% HP) [potion of
                  | mutation]
101436 | Zig:19   | Gained mutation: You are occasionally teleported next to
                  | monsters. [potion of mutation]
101437 | Zig:19   | Lost mutation: Armour fits poorly on your strangely shaped
                  | body. [potion of mutation]
101437 | Zig:19   | Lost mutation: You expend magic power (3 MP) to strengthen
                  | your wands. [potion of mutation]
101437 | Zig:19   | Lost mutation: You are frail. (-10% HP) [potion of
                  | mutation]
101437 | Zig:19   | Gained mutation: You occasionally lose the ability to read
                  | scrolls when taking damage. [potion of mutation]
101437 | Zig:19   | Gained mutation: Your mind is acute. (Int +4, Str/Dex -1)
                  | [potion of mutation]
101438 | Zig:19   | Lost mutation: Your mind is acute. (Int +4, Str/Dex -1)
                  | [potion of mutation]
101438 | Zig:19   | Lost mutation: You are occasionally teleported next to
                  | monsters. [potion of mutation]
101438 | Zig:19   | Lost mutation: You occasionally lose the ability to read
                  | scrolls when taking damage. [potion of mutation]
101438 | Zig:19   | Gained mutation: Your spells are a little easier to cast,
                  | but a little less powerful. [potion of mutation]
101438 | Zig:19   | Gained mutation: You have a pair of small horns on your
                  | head. [potion of mutation]
101438 | Zig:19   | Gained mutation: You occasionally shout uncontrollably at
                  | your foes. [potion of mutation]
101439 | Zig:19   | Lost mutation: You occasionally shout uncontrollably at
                  | your foes. [potion of mutation]
101439 | Zig:19   | Lost mutation: Your spells are a little easier to cast, but
                  | a little less powerful. [potion of mutation]
101439 | Zig:19   | Gained mutation: You occasionally lose the ability to drink
                  | potions when taking damage. [potion of mutation]
101440 | Zig:19   | Lost mutation: You occasionally lose the ability to drink
                  | potions when taking damage. [potion of mutation]
101440 | Zig:19   | Lost mutation: You have a pair of small horns on your head.
                  | [potion of mutation]
101440 | Zig:19   | Gained mutation: You are weak. (Str -2) [potion of
                  | mutation]
101464 | Zig:19   | Identified the staff of earth "Ihor" {rElec rC- rN+ Dex+4}
101466 | Zig:19   | Lost mutation: You are weak. (Str -2) [potion of mutation]
101466 | Zig:19   | Gained mutation: Your magical capacity is low. (-10% MP)
                  | [potion of mutation]
101466 | Zig:19   | Gained mutation: You are weak. (Str -2) [potion of
                  | mutation]
101467 | Zig:19   | Lost mutation: Your magical capacity is low. (-10% MP)
                  | [potion of mutation]
101467 | Zig:19   | Lost mutation: You are weak. (Str -2) [potion of mutation]
101467 | Zig:19   | Gained mutation: You have very sharp teeth. [potion of
                  | mutation]
101467 | Zig:19   | Gained mutation: You occasionally shout uncontrollably at
                  | your foes. [potion of mutation]
101467 | Zig:19   | Gained mutation: You have large cloven feet. [potion of
                  | mutation]
101486 | Zig:19   | Identified the scarf "Beran" {repulsion, Drain rElec rCorr}
101490 | Zig:19   | Identified the staff of air "Unaul" {rElec rF+ rC- rN+++
                  | SInv}
101501 | Zig:20   | Entered Level 20 of a ziggurat
101521 | Zig:20   | Noticed a dread lich
101522 | Zig:20   | Noticed a dread lich
101524 | Zig:20   | Killed a dread lich
101524 | Zig:20   | Killed a dread lich
101525 | Zig:20   | Noticed a dread lich
101525 | Zig:20   | Noticed an ancient lich
101528 | Zig:20   | Noticed an ancient lich
101530 | Zig:20   | Killed an ancient lich
101530 | Zig:20   | Killed a dread lich
101530 | Zig:20   | Killed an ancient lich
101537 | Zig:20   | Noticed a dread lich
101540 | Zig:20   | Killed a dread lich
101594 | Zig:20   | Identified the +4 halberd "Raegekli" {heavy, Will+ Str-2
                  | Int+7 Dex-5}
101636 | Zig:20   | Identified the staff of conjuration "Seaqui" {rN+ Will-
                  | Dex+5}
101666 | Zig:21   | Entered Level 21 of a ziggurat
101685 | Zig:21   | Reached skill level 10 in Shields
101719 | Zig:21   | Identified the +0 scale mail "Ugem" {rPois rF- Regen+
                  | Str-3}
101721 | Zig:22   | Entered Level 22 of a ziggurat
101785 | Zig:22   | Noticed Toifefae the pandemonium lord
101788 | Zig:22   | Identified the +9 great mace of Eron {flame, rF+ Str+2}
102168 | Orc:1    | Bought a Necronomicon for 784 gold pieces
102212 | Orc:2    | Bought a scroll of teleportation for 84 gold pieces
102212 | Orc:2    | Bought a scroll of blinking for 210 gold pieces
102220 | Orc:2    | Bought a scroll of amnesia for 64 gold pieces
102220 | Orc:2    | Bought a scroll of amnesia for 64 gold pieces
102224 | Orc:2    | Learned a level 2 spell: Sublimation of Blood
102233 | Orc:2    | Learned a level 8 spell: Necromutation
102568 | Pan      | Entered Pandemonium
102616 | Pan      | Reached skill level 1 in Transmutations
103116 | Pan      | Found a runed translucent door.
104351 | Pan      | Reached skill level 5 in Transmutations
104555 | Pan      | Noticed Karoc the pandemonium lord
104558 | Pan      | Killed Karoc the pandemonium lord
105072 | Pan      | Noticed Xuan the pandemonium lord
105080 | Pan      | Killed Xuan the pandemonium lord
105635 | Pan      | Found an exit through the horrors of the Abyss.
107112 | Pan      | Found an exit through the horrors of the Abyss.
107126 | Pan      | Noticed Kubias the pandemonium lord
107133 | Pan      | Killed Kubias the pandemonium lord
107161 | Pan      | Reached skill level 10 in Transmutations
107921 | Pan      | Gained mutation: You are weak. (Str -2) [a neqoxec]
108186 | Pan      | Gained mutation: Potions are less effective at restoring
                  | your health. [a neqoxec]
108603 | Pan      | Noticed Diozub the pandemonium lord
108608 | Pan      | Killed Diozub the pandemonium lord
109460 | Pan      | Got a demonic rune of Zot
110320 | Pan      | Gained mutation: Your body sometimes deteriorates upon
                  | taking damage. [a cacodemon]
110477 | Pan      | Found Cuabegao's Jewellery Shoppe.
110625 | Pan      | Found an opulent altar of Gozag.
110709 | Pan      | Noticed a dread lich
110720 | Pan      | Killed a dread lich
110892 | Pan      | Noticed Cuabegao the pandemonium lord
110908 | Pan      | Killed Cuabegao the pandemonium lord
111117 | Pan      | Found an opulent altar of Gozag.
111150 | Pan      | Killed a dread lich
111252 | Pan      | Found Cuabegao's Exquisite Manuscripts.
111296 | Pan      | Found an opulent altar of Gozag.
111301 | Pan      | Bought 2 scrolls of magic mapping for 195 gold pieces
111301 | Pan      | Bought a scroll of torment for 123 gold pieces
111301 | Pan      | Bought 2 scrolls of teleportation for 78 gold pieces
111301 | Pan      | Bought 2 scrolls of teleportation for 78 gold pieces
111301 | Pan      | Bought a scroll of fog for 52 gold pieces
111301 | Pan      | Bought a scroll of fog for 52 gold pieces
111301 | Pan      | Bought a scroll of magic mapping for 97 gold pieces
111304 | Pan      | Found Cuabegao's Book Shoppe.
111309 | Pan      | Found Cuabegao's Rarities Store.
111324 | Pan      | Bought Katitoam's Spellbook of Fulgent Stolen Souls for
                  | 1024 gold pieces
111355 | Pan      | Learned a level 8 spell: Infestation
111700 | Pan      | Lost strength.
111700 | Pan      | Gained mutation: You are very weak. (Str -4) [a neqoxec]
111732 | Pan      | Lost mutation: You occasionally shout uncontrollably at
                  | your foes. [potion of mutation]
111732 | Pan      | Lost mutation: Potions are less effective at restoring your
                  | health. [potion of mutation]
112662 | Depths:2 | Escaped Pandemonium
113545 | Slime:5  | Lost mutation: You are very weak. (Str -4) [potion of
                  | mutation]
113545 | Slime:5  | Lost mutation: You are weak. (Str -2) [potion of mutation]
113545 | Slime:5  | Gained mutation: You are somewhat resistant to further
                  | mutation. [potion of mutation]
113941 | Pan      | Entered Pandemonium
114056 | Pan      | Found a huge runed translucent gate.
114061 | Pan      | Found a huge runed translucent gate.
114062 | Pan      | Found a huge runed translucent gate.
114062 | Pan      | Found a huge runed translucent gate.
114062 | Pan      | Found a huge runed translucent gate.
114062 | Pan      | Found a huge runed translucent gate.
114064 | Pan      | Found a huge runed translucent gate.
114302 | Pan      | Reached skill level 15 in Transmutations
114968 | Pan      | Noticed Aveydia the pandemonium lord
114975 | Pan      | Killed Aveydia the pandemonium lord
115264 | Pan      | Reached skill level 27 in Spellcasting
115752 | Pan      | Found a runed translucent door.
116499 | Pan      | Noticed Zoenix the pandemonium lord
116503 | Pan      | Killed Zoenix the pandemonium lord
116627 | Pan      | Identified the +10 war axe "Quorch" {drain, rPois Int+4}
117009 | Pan      | Identified the +7 flail of Bahutas {freeze, rPois}
117504 | Pan      | Entered the realm of Gloorx Vloq.
118422 | Pan      | Noticed Gloorx Vloq
118818 | Pan      | Killed Gloorx Vloq
118979 | Pan      | Got a dark rune of Zot
120430 | Pan      | Found an exit through the horrors of the Abyss.
120967 | Pan      | Noticed Odiut the pandemonium lord
120972 | Pan      | Killed Odiut the pandemonium lord
121683 | Pan      | Found an exit through the horrors of the Abyss.
122029 | Pan      | Noticed Qeufaimiad the pandemonium lord
122035 | Pan      | Killed Qeufaimiad the pandemonium lord
123531 | Pan      | Noticed Negausui the pandemonium lord
124757 | Pan      | Killed Negausui the pandemonium lord
125254 | Pan      | Reached skill level 27 in Conjurations
126962 | Pan      | Noticed Daiqom the pandemonium lord
126967 | Pan      | Killed Daiqom the pandemonium lord
127725 | Pan      | Found an exit through the horrors of the Abyss.
128210 | Pan      | Noticed Sask the pandemonium lord
128216 | Pan      | Killed Sask the pandemonium lord
128222 | Pan      | Reached skill level 27 in Fighting
128673 | Pan      | Identified the +0 scale mail of Mental Paralysis {rPois
                  | Str-5 Int-3 Stlth+}
129167 | Depths:2 | Escaped Pandemonium
129880 | Snake:1  | Bought a shiny helmet for 172 gold pieces
130059 | Orc:2    | Bought a fading leather armour for 196 gold pieces
130059 | Orc:2    | Identified the +0 leather armour of the Pleiades {Str-5
                  | Int+3 Dex+4} (You bought it in a shop on level 2 of the
                  | Orcish Mines)
130059 | Orc:2    | Lost mutation: You have very sharp teeth. [potion of
                  | mutation]
130059 | Orc:2    | Lost mutation: You have large cloven feet. [potion of
                  | mutation]
130059 | Orc:2    | Gained mutation: You have large cloven feet. [potion of
                  | mutation]
130059 | Orc:2    | Gained mutation: Your spells are a little harder to cast,
                  | but a little more powerful. [potion of mutation]
130060 | Orc:2    | Lost mutation: Your spells are a little harder to cast, but
                  | a little more powerful. [potion of mutation]
130060 | Orc:2    | Lost mutation: You are somewhat resistant to further
                  | mutation. [potion of mutation]
130060 | Orc:2    | Gained mutation: You are agile. (Dex +4, Str/Int -1)
                  | [potion of mutation]
130060 | Orc:2    | Gained mutation: Your magical capacity is low. (-10% MP)
                  | [potion of mutation]
130060 | Orc:2    | Gained mutation: You are weak. (Str -2) [potion of
                  | mutation]
130060 | Orc:2    | Lost strength.
130060 | Orc:2    | Gained mutation: Your mind is acute. (Int +4, Str/Dex -1)
                  | [potion of mutation]
130064 | Orc:2    | Lost mutation: You are agile. (Dex +4, Str/Int -1) [potion
                  | of mutation]
130064 | Orc:2    | Lost mutation: Your magical capacity is low. (-10% MP)
                  | [potion of mutation]
130064 | Orc:2    | Gained mutation: Your flesh is cold resistant. (rC+)
                  | [potion of mutation]
130064 | Orc:2    | Gained mutation: You are strong-willed. (Will+) [potion of
                  | mutation]
130065 | Orc:2    | Lost mutation: Your mind is acute. (Int +4, Str/Dex -1)
                  | [potion of mutation]
130065 | Orc:2    | Lost mutation: You are strong-willed. (Will+) [potion of
                  | mutation]
130065 | Orc:2    | Lost mutation: Your flesh is cold resistant. (rC+) [potion
                  | of mutation]
130065 | Orc:2    | Gained mutation: You sometimes lose your temper in combat.
                  | [potion of mutation]
130065 | Orc:2    | Gained mutation: Your mind is acute. (Int +4, Str/Dex -1)
                  | [potion of mutation]
130066 | Orc:2    | Lost mutation: You have large cloven feet. [potion of
                  | mutation]
130066 | Orc:2    | Lost mutation: Your body sometimes deteriorates upon taking
                  | damage. [potion of mutation]
130066 | Orc:2    | Gained mutation: You are partially covered in iridescent
                  | scales. (AC +2) [potion of mutation]
130066 | Orc:2    | Gained mutation: You are very weak. (Str -4) [potion of
                  | mutation]
130066 | Orc:2    | Lost mutation: You are very weak. (Str -4) [potion of
                  | mutation]
130067 | Orc:2    | Lost mutation: You sometimes lose your temper in combat.
                  | [potion of mutation]
130067 | Orc:2    | Lost mutation: You are weak. (Str -2) [potion of mutation]
130355 | Pan      | Entered the realm of Mnoleg.
130355 | Pan      | Entered Pandemonium
130847 | Pan      | Got the Grimoire of Cleavage
130927 | Pan      | Noticed Mnoleg
130932 | Pan      | Killed Mnoleg
131185 | Pan      | Found an exit through the horrors of the Abyss.
131411 | Pan      | Got a glowing rune of Zot
132652 | Pan      | Reached skill level 27 in Dodging
132722 | Pan      | Found a glowing silver altar of Zin.
133232 | Pan      | Identified the +10 trident "Concordance" {holy, Fly rC-
                  | Dex+4 SInv}
133232 | Pan      | Noticed a seraph
133333 | Pan      | Identified the +2 leather armour "Unenieke" {rF+ rC+ Str-5
                  | Dex+3}
133333 | Pan      | Identified the ring of Wour {rPois Will+ rCorr Slay-5 SInv}
133337 | Pan      | Killed a seraph
133337 | Pan      | Identified the +4 war axe of the Middle {speed, Int+8}
134617 | Pan      | Found a glowing golden altar of the Shining One.
134618 | Pan      | Reached skill level 15 in Shields
134681 | Pan      | Identified the staff of fire "Jivoggik" {rF+ rC- rN+ Will+
                  | rCorr}
134728 | Depths:2 | Escaped Pandemonium
134730 | Pan      | Entered Pandemonium
134779 | Pan      | Found an exit through the horrors of the Abyss.
134829 | Pan      | Noticed Leraink the pandemonium lord
134885 | Pan      | Entered the realm of Lom Lobon.
134885 | Pan      | Noticed Lom Lobon
134888 | Pan      | Got a magical rune of Zot
136367 | Pan      | Killed Lom Lobon
136879 | Pan      | Noticed Netun the pandemonium lord
136885 | Pan      | Killed Netun the pandemonium lord
137303 | Pan      | Entered the realm of Cerebov.
138090 | Pan      | Found the +6 sword of Cerebov {flame}
138090 | Pan      | Noticed Cerebov
138159 | Pan      | Found an exit through the horrors of the Abyss.
139292 | Pan      | Killed Cerebov
139564 | Pan      | Identified the ring of the King {Fire Contam Dex+4 SInv
                  | Stlth+}
139565 | Pan      | Identified the +0 quarterstaff of the Imbibing Bear {flame,
                  | rPois Str+4 Dex-3 Stlth+}
139794 | Pan      | Identified the +5 flail of Perversion {elec, rC+ rN++
                  | Str+2}
139810 | Pan      | Got Hicsuxuch's Lectures on Bewitching Peregrination
139844 | Pan      | Got a fiery rune of Zot
140594 | Pan      | Noticed Roigy the pandemonium lord
140825 | Pan      | Killed Roigy the pandemonium lord
141941 | Pan      | Acquired a book of Death
142506 | Pan      | Learned a level 9 spell: Chain Lightning
142584 | Pan      | Reached skill level 1 in Air Magic
142826 | Pan      | Found a runed translucent door.
142844 | Pan      | Reached skill level 5 in Air Magic
143506 | Pan      | Noticed Durou the pandemonium lord
143510 | Pan      | Killed Durou the pandemonium lord
143811 | Pan      | Found an exit through the horrors of the Abyss.
143861 | Pan      | Took an exit into the Abyss.
143861 | Abyss:3  | Escaped into the Abyss
143878 | Depths:2 | Escaped the Abyss
144003 | Depths:3 | Bought an amulet of magic regeneration for 660 gold pieces
144258 | Coc:1    | Entered Level 1 of Cocytus
144672 | Coc:1    | Reached skill level 10 in Air Magic
145380 | Coc:3    | You are sucked into a shaft and drop 3 floors!
145933 | Coc:7    | Entered Level 7 of Cocytus
146579 | Coc:7    | Found the ring of the Mage {Wiz Archmagi}
146650 | Coc:7    | Identified the +10 short sword of Uniangud {heavy, rPois
                  | rF+ Str+4}
147216 | Coc:7    | Noticed Antaeus
147231 | Coc:7    | Killed Antaeus
147232 | Coc:7    | Reached skill level 15 in Air Magic
147467 | Coc:7    | Got an icy rune of Zot
148157 | Dis:1    | Entered Level 1 of the Iron City of Dis
148732 | Dis:2    | You are sucked into a shaft and drop 1 floor!
149511 | Dis:7    | Entered Level 7 of the Iron City of Dis
151252 | Dis:7    | Noticed a dread lich
151254 | Dis:7    | Killed a dread lich
151640 | Dis:7    | Noticed a juggernaut
151646 | Dis:7    | Killed a juggernaut
152316 | Dis:7    | Noticed Dispater
152338 | Dis:7    | Killed Dispater
152589 | Dis:7    | Got an iron rune of Zot
152749 | Geh:1    | Entered Level 1 of Gehenna
155912 | Geh:7    | Entered Level 7 of Gehenna
158082 | Geh:7    | Identified the ring "Neaff" {rF+ Str+3 SInv}
158084 | Geh:7    | Identified the +2 arbalest of Wyrd {antimagic, Int+4}
158088 | Geh:7    | Identified the +3 plate armour of Qidiud {rC+ rN+ Will+}
158091 | Geh:7    | Identified the +1 giant spiked club of Floods {drain,
                  | Int+2}
158096 | Geh:7    | Identified the staff of fire "Agutokedo" {rF+ rC+ Stlth+}
158815 | Geh:7    | Identified the +3 broad axe of Risiepups {drain, Fragile
                  | rN+ SInv}
159268 | Geh:7    | Identified the +9 mace of Dismemberment {pain, rF- Int+6}
159577 | Geh:7    | Found the +13 sceptre of Asmodeus
159577 | Geh:7    | Noticed Asmodeus
159595 | Geh:7    | Killed Asmodeus
159890 | Geh:7    | Got an obsidian rune of Zot
160430 | Tomb:1   | Entered Level 1 of the Tomb of the Ancients
160497 | Tomb:1   | Reached skill level 1 in Throwing
160561 | Tomb:1   | Found the ring of the Hare {EV+10}
160604 | Tomb:1   | Noticed Boris
160608 | Tomb:1   | Killed Boris
160609 | Tomb:1   | Reached skill level 5 in Throwing
161560 | Tomb:1   | Noticed a royal mummy
161560 | Tomb:1   | Noticed a royal mummy
161560 | Tomb:1   | Noticed a royal mummy
161562 | Tomb:1   | Killed a royal mummy
161562 | Tomb:1   | Noticed a royal mummy
161563 | Tomb:1   | Reached skill level 1 in Evocations
161563 | Tomb:1   | Killed a royal mummy
161564 | Tomb:1   | Killed a royal mummy
161564 | Tomb:1   | Killed a royal mummy
161565 | Tomb:1   | Noticed a royal mummy
161566 | Tomb:1   | Killed a royal mummy
161568 | Tomb:1   | Killed a royal mummy
161570 | Tomb:1   | Noticed a royal mummy
161570 | Tomb:1   | Killed a royal mummy
161571 | Tomb:1   | Reached skill level 10 in Throwing
161574 | Tomb:1   | Noticed a royal mummy
161576 | Tomb:1   | Killed a royal mummy
161576 | Tomb:1   | Noticed a royal mummy
161577 | Tomb:1   | Reached skill level 5 in Evocations
161577 | Tomb:1   | Noticed a royal mummy
161579 | Tomb:1   | Killed a royal mummy
161579 | Tomb:1   | Killed a royal mummy
161814 | Tomb:1   | Noticed a royal mummy
161819 | Tomb:1   | Killed a royal mummy
161896 | Tomb:1   | Noticed a royal mummy
161901 | Tomb:1   | Killed a royal mummy
161910 | Tomb:1   | Noticed a royal mummy
161914 | Tomb:1   | Killed a royal mummy
162011 | Tomb:1   | Noticed a royal mummy
162017 | Tomb:1   | Killed a royal mummy
162060 | Tomb:1   | Noticed a royal mummy
162060 | Tomb:1   | Noticed a royal mummy
162062 | Tomb:1   | Killed a royal mummy
162062 | Tomb:1   | Killed a royal mummy
162063 | Tomb:1   | Noticed a royal mummy
162068 | Tomb:1   | Killed a royal mummy
162070 | Tomb:1   | Noticed a royal mummy
162073 | Tomb:1   | Killed a royal mummy
163366 | Tomb:2   | Identified the +1 robe "Icejeto" {Drain MP+9 Dex+2}
163489 | Tomb:2   | Noticed a royal mummy
163491 | Tomb:2   | Killed a royal mummy
163492 | Tomb:2   | Reached skill level 10 in Evocations
163580 | Tomb:2   | Noticed a royal mummy
163588 | Tomb:2   | Killed a royal mummy
163829 | Tomb:2   | Noticed a royal mummy
163833 | Tomb:2   | Killed a royal mummy
163867 | Tomb:2   | Noticed a royal mummy
163872 | Tomb:2   | Killed a royal mummy
164003 | Tomb:2   | Noticed Boris
164007 | Tomb:2   | Killed Boris
164356 | Tomb:3   | Entered Level 3 of the Tomb of the Ancients
164370 | Tomb:3   | Reached skill level 15 in Throwing
164375 | Tomb:3   | Noticed Boris
164377 | Tomb:3   | Killed Boris
164380 | Tomb:3   | Noticed a royal mummy
164382 | Tomb:3   | Noticed a royal mummy
164382 | Tomb:3   | Noticed a royal mummy
164383 | Tomb:3   | Killed a royal mummy
164384 | Tomb:3   | Killed a royal mummy
164384 | Tomb:3   | Noticed a royal mummy
164385 | Tomb:3   | Killed a royal mummy
164385 | Tomb:3   | Noticed a royal mummy
164385 | Tomb:3   | Noticed a royal mummy
164386 | Tomb:3   | Killed a royal mummy
164386 | Tomb:3   | Noticed a royal mummy
164386 | Tomb:3   | Noticed a royal mummy
164387 | Tomb:3   | Killed a royal mummy
164387 | Tomb:3   | Killed a royal mummy
164388 | Tomb:3   | Killed a royal mummy
164388 | Tomb:3   | Noticed a royal mummy
164391 | Tomb:3   | Killed a royal mummy
164392 | Tomb:3   | Killed a royal mummy
164495 | Tomb:3   | Got a golden rune of Zot
164616 | Tomb:3   | Identified the ring of Bixzood {Will+ rCorr Int+3 Stlth+}
164630 | Tomb:3   | Identified the amulet of Dillejea {rElec Regen+ Str+4 Int+4
                  | Dex+3}
164649 | Tomb:3   | Identified the +10 dagger "Fuirch" {freeze, Str+3 Int+3
                  | Stlth+}
164871 | Tomb:3   | Identified the +6 spear of Starshine {elec, rN+ Int+4
                  | Stlth-}
164872 | Tomb:3   | Identified the staff of conjuration "Qesussy" {rF+ Dex+3}
164879 | Tomb:3   | Identified the +2 scale mail of Pleasant Breezes {rC+
                  | Dex+3}
166624 | Orc:1    | Killed shamsi's ghost
167493 | Tar:1    | Entered Level 1 of Tartarus
168272 | Tar:2    | Reached skill level 15 in Evocations
168785 | Tar:2    | Noticed an ancient lich
168800 | Tar:2    | Killed an ancient lich
169681 | Tar:4    | You are sucked into a shaft and drop 1 floor!
170675 | Tar:7    | Entered Level 7 of Tartarus
170776 | Tar:7    | Got a bone rune of Zot
172036 | Zot:5    | Got the Orb of Zot
172429 | Depths:2 | Noticed Boris
172592 | D:11     | Noticed Teyrph the pandemonium lord
172889 | D:$      | Escaped with the Orb!

Illustrated notes

Levels and vault maps discovered:
D:1:      dpeg_arrival_arbitrary_b, layout_rooms,
          shapermc_ecumenical_altar_totnotflames, hangedman_decor_riveting
D:2:      minmay_inner_zag, layout_basic
D:3:      minmay_goblin_kobold_castle, layout_rooms, jmf_multi_god_temple2,
          grunt_ministairs_3, fountainhead, uniq_pargi
D:4:      layout_rooms, mainiacjoe_overflow_boulevard,
          grunt_temple_overflow_open, lemuel_temple_firewalk_a, serial_shops,
          nicolae_shop_waterfront, minmay_shop_damaged, uniq_crazy_yiuf_cottage
D:5:      layout_gridville, enter_ossuary_2
D:6:      layout_basic, mainiacjoe_overflow_six_doors_small,
          kennysheep_okawaru_gauntlet
D:7:      layout_gridville
D:8:      layout_rooms, david_lair_generic, kennysheep_cross_bottleneck,
          uniq_erica
D:9:      layout_loops_corners, minmay_orc_entry_temple_small
D:10:     layout_irregular_city, uniq_amaemon, uniq_erolcha
D:11:     layout_irregular_city
D:12:     layout_cross, tso_oasis_becter
D:13:     minmay_big_diamond_grid, layout_basic, serial_curves, eino_curves_04,
          eino_curves_01, uniq_sonja
D:14:     layout_roguey, david_vaults_1, portal_ice_cave_entry_ice_statue_one,
          elyvilon_altar_5, uniq_josephine
D:15:     hangedman_depths_entry_try_elsewhere_first, layout_basic,
          grunt_decor_junction, uniq_nessos
Temple:   nicolae_temple_figure_eight
Lair:1:   layout_misc_corridors, serial_bayou_lagoon_a
Lair:2:   layout_gridlike, minmay_shoals_entry_centaurs,
          guppyfry_snake_entry_garden, enter_volcano_1, grunt_megastairs_3,
          infiniplex_staircase_pool_2, serial_bayou_shore_b
Lair:3:   layout_cave_pods, nicolae_lair_lindhole
Lair:4:   layout_small_grid, slime_entry_1, pf_torpor_hydra, grunt_megastairs_5
Lair:5:   hangedman_lair_caniforms_friends, layout_cave_pods,
          hangedman_lair_in_review, minivault_19, serial_bayou_pond_a,
          chequers_serial_rivers_large_b
Shoals:1: layout_shoals
Shoals:2: cheibrodos_shoals_epimethial_gifts, layout_shoals
Shoals:3: layout_shoals, st_sunken_huts
Shoals:4: shoals_end_hellmonk_storm_palace [storm_palace_center_ruins,
          storm_palace_corner_blocked, storm_palace_corner_altar,
          storm_palace_corner_altar, storm_palace_corner_narrow]
Snake:1:  layout_rooms, dpeg_stationary_puzzle, minmay_shop_star
Snake:2:  layout_gridlike, hellmonk_ghost_happy_afterlife,
          nicolae_snake_serpentine_hallways, statue_in_the_mist_lemuel
Snake:3:  layout_layer_cave, hellmonk_guarded_unrand_salamander,
          nicolae_triple_integral
Snake:4:  grunt_snake_rune_pools, layout_misc_corridors
Slime:1:  layout_caves
Slime:2:  layout_caves, cheibrodos_slime_lost_civilization_7
Slime:3:  layout_caves
Slime:4:  layout_caves
Slime:5
Orc:1:    layout_diamond_mine, basic_altar, serial_shops,
          nicolae_shop_real_fake_doors, gammafunk_ghost_split, bloody_makhleb
Orc:2:    st_orc_open, layout_caves, serial_shops, shop, uniq_urug
Elf:1:    minmay_elf_arrival_circle, layout_gridlike, minmay_elf_necromancy,
          chequers_hall_statues_wall_a, uniq_roxanne
Elf:2:    elven_hall_of_blades_hangedman_original
          [infiniplex_blade_entry_pillars], layout_onion_city, serial_shops,
          shop
Elf:3:    minmay_elf_hall_furrowed, layout_loops_corners
Vaults:1: vaults_room_corners, nicolae_vaults_closet_pinwheel_3,
          nicolae_vaults_trapezoid_4, nicolae_vaults_bisected_exclaves,
          nicolae_vaults_hexular_roomagon,
          nicolae_vaults_storing_the_good_stuff, hangedman_vaults_corner_blocks,
          v_misc_5, v_misc_16, nicolae_vaults_more_shelving_1,
          ontoclasm_vaults_chip, nicolae_vaults_trapezoid_lopsided_3,
          vaults_dpeg_diagonal, layout_vaults_ring
Vaults:2: nicolae_vaults_little_squares_2, ontoclasm_vaults_spin,
          ontoclasm_vaults_idyll, nicolae_vaults_hexular_roomagon,
          hangedman_vaults_impose, nicolae_vaults_wrenched, vaults_room_pools,
          layout_vaults_chaotic_city, serial_shops, shop,
          nicolae_shop_waterfront
Vaults:3: v_misc_28, v_alt_pattern_2, nicolae_vaults_more_shelving_2, v_misc_19,
          nicolae_vaults_six-pack, v_alt_pattern_5, v_rooms_6,
          nicolae_vaults_tetromino_Z_1, layout_vaults_omnigrid, uniq_bai_suzhen
Vaults:4: nicolae_vaults_storage_room_water, nicolae_vaults_mini_display_case,
          nicolae_vaults_frosty_reception, nicolae_vaults_big_angled_halls,
          v_misc_28, v_misc_29, vaults_dpeg_ring, v_misc_16,
          hangedman_vaults_stagger, nicolae_vaults_diamond_2,
          nicolae_vaults_surprise_closet, nicolae_vaults_shipping_containers_2,
          nicolae_vaults_little_squares_3, nicolae_vaults_hexular_roomagon,
          serial_ice_b, ontoclasm_vaults_decontamination,
          ontoclasm_vaults_bender, layout_vaults_maze_bifur
Vaults:5
Crypt:1:  layout_gridlike, grunt_crypt_arrival_split,
          roderic_lattice_octagonal_star
Crypt:2:  layout_catacombs
Crypt:3:  lightli_unholy_cathedral, layout_chaotic_city,
          nicolae_tomb_entry_rubble_hallway, palyth_stone_intersect,
          small_statue_intersection, grunt_megastairs_1
Tomb:1
Tomb:2
Tomb:3
Depths:1: layout_cave_pools, enter_ziggurat_c, grunt_metal_band, drop_trap,
          reono_crystal_passage, nrook_mini_backslash, minmay_misc_feat_five,
          eino_small_chamber_without_monster, minmay_microvault,
          serial_bayou_shore_b
Depths:2: minmay_thick_lines, layout_gridville, hell_entry,
          abyss_entry_flame_altar, grunt_pan_entry_sceptre,
          infiniplex_staircase_door_maze, serial_bayou_shore_b, uniq_grunn
Depths:3: nicolae_cairo_tiling_large, layout_small_grid,
          hangedman_tar_grid_catacomb, nicolae_abyss_entry_one_way_or_another,
          minmay_staircase_windowed_small, minmay_shop_grove, uniq_vv
Depths:4: evilmike_zot_entry_diamond, layout_cave_shapes,
          rand_demon_pan_entry_4, patterned_corridor, hell_entry, uniq_boris,
          uniq_saint_roka, uniq_margery
Hell
Dis:1:    layout_overlapping_boxes
Dis:2:    layout_jigsaw
Dis:3:    layout_subdivisions, nicolae_dis_big_boring_drill
Dis:4:    layout_overlapping_boxes, nicolae_dis_emergency_hatch
Dis:5:    layout_gridville
Dis:6:    layout_gridville
Dis:7:    dis_st
Geh:1:    layout_gehenna_pools_box
Geh:2:    layout_gehenna_lava_caves
Geh:3:    layout_gehenna_pools_triple, nicolae_geh_rippling_lava
Geh:4:    layout_gehenna_lava_caves
Geh:5:    layout_gehenna_pools_box, nicolae_geh_lava_lounge
Geh:6:    layout_gehenna_lava_caves
Geh:7:    evilmike_geh
Coc:1:    layout_cocytus_water_paths
Coc:2:    layout_ice_bergs
Coc:3:    layout_cocytus_water_paths
Coc:6:    layout_cocytus_water_paths
Coc:7:    coc_dpeg
Tar:1:    nicolae_tar_tart_auras, layout_cathedral_of_symmetry
Tar:2:    layout_cathedral_of_symmetry
Tar:3:    layout_honeycomb
Tar:4:    layout_catacombs
Tar:5:    layout_honeycomb
Tar:6:    layout_grid_maze
Tar:7:    tar_minmay_river
Zot:1:    layout_concentric_octagons, basic_altar, grunt_ministairs_15,
          st_stairs_9, lemuel_baited_zot_trap
Zot:2:    layout_misc_corridors, st_large_dragon_hoard_1, grunt_megastairs_2
Zot:3:    ebering_klown_carousel, layout_twisted_circle,
          nicolae_diode_intersection
Zot:4:    layout_gridlike, zot_minivault_4
Zot:5:    layout_misc_corridors

Skill      XL: |  1  2  3  4  5  6  7  8  9 10 11 12 13 14 15 16 17 18 19 20 21 22 23 24 25 26 27 |
---------------+----------------------------------------------------------------------------------+-----
Spellcasting   | 4 5 6 8 9 11 12 14 15 17 19 20 21 27 | 27.0
Conjurations   | 5 6 7 9 10 11 12 13 15 16 17 18 27 | 27.0
Translocations | 1 2 3 4 |  4.0
Fighting       | 2 3 4 5 9 13 16 19 22 25 27 | 27.0
Dodging        | 4 7 8 10 11 13 18 27 | 27.0
Earth Magic    | 4 6 8 10 12 14 15 16 20 23 25 | 25.3
Shields        | 2 4 6 7 21 | 21.0
Ice Magic      | 1 2 |  2.0
Stealth        | 6 7 |  7.1
Summonings     | 7 9 |  9.5
Armour         | 8 |  8.0
Necromancy     | 4 6 16 27 | 27.0
Transmutations | 15 | 15.6
Air Magic      | 25 | 25.2
Throwing       | 19 | 19.3
Evocations     | 18 | 18.2

Action                     |  1- 3 |  4- 6 |  7- 9 | 10-12 | 13-15 | 16-18 | 19-21 | 22-24 | 25-27 || total
---------------------------+-------+-------+-------+-------+-------+-------+-------+-------+-------++-------
  Melee: Unarmed           |     2 |    20 |       |       |       |       |       |       |       ||    22
         Staff             |       |       |       |       |       |     3 |       |     2 |   167 ||   172
         Flail             |       |       |       |       |       |       |       |       |    19 ||    19
         Bite              |       |       |       |       |       |       |       |       |     7 ||     7
         Kick              |       |       |       |       |       |       |       |       |     1 ||     1
  Throw: Javelin           |       |       |       |       |       |       |       |       |    13 ||    13
   Cast: Magic Dart        |    53 |    80 |   127 |   115 |   156 |   113 |     3 |     2 |     2 ||   651
         Searing Ray       |     5 |    42 |    77 |    19 |     1 |     1 |       |       |       ||   145
         Iskenderun's Myst |       |       |    12 |    34 |    19 |     8 |    10 |     2 |     1 ||    86
         Stone Arrow       |       |       |    23 |    64 |     4 |     1 |       |       |       ||    92
         Iron Shot         |       |       |       |   105 |   369 |   509 |   392 |   181 |  1328 ||  2884
         Olgreb's Toxic Ra |       |       |       |    33 |    53 |    26 |     1 |       |       ||   113
         Fulminant Prism   |       |       |       |     3 |     5 |    10 |     1 |       |       ||    19
         Ignite Poison     |       |       |       |    15 |    31 |    13 |       |       |       ||    59
         Ozocubu's Armour  |       |       |       |       |     4 |     8 |       |       |       ||    12
         Spellforged Servi |       |       |       |       |       |    83 |   200 |    90 |   292 ||   665
         Lehudib's Crystal |       |       |       |       |       |     1 |       |   169 |  1457 ||  1627
         Shatter           |       |       |       |       |       |       |    30 |   186 |   426 ||   642
         Passage of Golubr |       |       |       |       |       |       |       |       |    11 ||    11
         Blink             |       |       |       |       |       |       |       |       |     4 ||     4
         Apportation       |       |       |       |       |       |       |       |       |     4 ||     4
         Necromutation     |       |       |       |       |       |       |       |       |   583 ||   583
         Borgnjor's Vile C |       |       |       |       |       |       |       |       |    68 ||    68
         Chain Lightning   |       |       |       |       |       |       |       |       |    33 ||    33
         Statue Form       |       |       |       |       |       |       |       |       |    29 ||    29
         Infestation       |       |       |       |       |       |       |       |       |    28 ||    28
         Sublimation of Bl |       |       |       |       |       |       |       |       |     9 ||     9
         Death's Door      |       |       |       |       |       |       |       |       |     4 ||     4
Ability: End Transformatio |       |       |       |       |       |       |       |       |    22 ||    22
  Evoke: Wand              |       |       |       |       |       |       |       |       |     6 ||     6
         Lightning rod     |       |       |       |       |       |       |       |       |     3 ||     3
         Horn of Geryon    |       |       |       |       |       |       |       |       |     1 ||     1
    Use: Scroll            |       |       |     8 |     5 |    16 |    10 |     4 |     3 |    88 ||   134
         Potion            |       |       |       |     1 |     2 |       |     8 |     4 |    70 ||    85
   Stab: Distracted        |       |       |       |       |       |       |       |       |     1 ||     1
 Armour: Robe              |     1 |     7 |    16 |     8 |    19 |    27 |     2 |    36 |   117 ||   233
         Leather armour    |       |       |       |       |       |    11 |    11 |       |       ||    22
         Troll leather arm |       |       |       |       |       |       |       |       |   113 ||   113
         Skin              |       |       |       |       |       |       |       |       |    39 ||    39
  Dodge: Dodged            |     7 |    66 |    43 |    66 |    40 |    61 |    37 |   103 |   869 ||  1292
  Block: Buckler           |       |       |       |       |    10 |       |       |       |       ||    10
         Kite shield       |       |       |       |       |     3 |    64 |    79 |   119 |  1117 ||  1382
         Reflection        |       |       |       |       |       |       |    26 |     9 |    66 ||   101
